Workbook
Name adres: #REF!
Name adresA786: #REF!
Name arkusz_korekt: #REF!
Name datrap: #REF!
Name dzb: #REF!
Name dzbo: #REF!
Name gdzie: #REF!
Name gdzie2: #REF!
Name jezyk: #REF!
Name jezyk1: #REF!
Name kapital: #REF!
Name kod: #REF!
Name ksh: #REF!
Name nazwa_spolki: #REF!
Name oddzial: #REF!
Name oddzial_dane_tabela: #REF!
Name oddzial_de: #REF!
Name oddzial_eng: #REF!
Name oddzial_w_tabela: #REF!
Name oddzialde: #REF!
Name p_rok_dzial: #REF!
Name p2dz: #REF!
Name p2dzo: #REF!
Name pdz: #REF!
Name pdzo: #REF!
Name rjedn: #REF!
Name ro: #REF!
Name rok: #REF!
Name siedziba: #REF!
Name Spółka: #REF!
Name ST_WD: #REF!
Name strata: #REF!
Name strata1: #REF!
Name tytul: #REF!
Name ulica: #REF!
Name UoR: #REF!
Name wart.dolna: #REF!
Name wCF: #REF!
Name WD.wnip: #REF!
Name wd_wnip: #REF!
Name WG_ST: #REF!
Name WG_WNIP: #REF!
Name wrach: #REF!
Name ZZwk: #REF!

Sheet Arkusz3
B1: 1 | C1: 2 | D1: 3
A2: Wprowadzenie | B2: Wprowadzenie | C2: Einleitung | D2: Introduction
A3: nota 1.1.-1.2 | B3: nota 1.1.-1.2 | C3: Note 1.1.-1.2 | D3: note 1.1.-1.2
A4: nota 1.1.b | B4: nota 1.1.b | C4: Note 1.1.b | D4: note 1.1.b
A5: nota 1.1.c | B5: nota 1.1.c | C5: Note 1.1.c | D5: note 1.1.c
A6: nota 1.2 | B6: nota 1.2 | C6: Note 1.2 | D6: note 1.2
A7: nota 1.3-1.10 | B7: nota 1.3-1.10 | C7: Note 1.3-1.10 | D7: note 1.3-1.10
A8: nota 1.11 | B8: nota 1.11 | C8: Note 1.11 | D8: note 1.11
A9: nota 1.11-1.15 | B9: nota 1.11-1.15 | C9: Note 1.11-1.15 | D9: note 1.11-1.15
A10: nota 1.16-1.19 | B10: nota 1.16-1.19 | C10: Note 1.16-1.19 | D10: note 1.16-1.19
A11: nota 2 | B11: nota 2 | C11: Note 2 | D11: note 2
A12: nota 3,4 | B12: nota 3,4 | C12: Note 3,4 | D12: note 3,4
A13: nota 5 | B13: nota 5 | C13: Note 5 | D13: note 5
... A49: note 9, 10 | B49: nota 9, 10 | C49: Note 9, 10 | D49: note 9, 10

Sheet kurs_nbp
B1: tabela kursów | C1: z dnia | D1: EUR | E1: USD | F1: GBP
A2: =MONTH(C2)&"."&YEAR(C2) -> 3.2019 | B2: 063/A/NBP/2019 | C2: 43555 | D2: 4.3013 | E2: 3.8365 | F2: 4.996
A3: =MONTH(C3)&"."&YEAR(C3) -> 6.2019 | B3: 124/A/NBP/2019 | C3: 43644 | D3: 4.252 | E3: 3.7336 | F3: 4.7331
A4: =MONTH(C4)&"."&YEAR(C4) -> 9.2019 | B4: 189/A/NBP/2019 | C4: 43738 | D4: 4.3736 | E4: 4 | F4: 4.9313
A5: =MONTH(C5)&"."&YEAR(C5) -> 12.2019 | B5: 251/A/NBP/2019 | C5: 43830 | D5: 4.2585 | E5: 3.7977 | F5: 4.9971
A6: =MONTH(C6)&"."&YEAR(C6) -> 3.2020 | B6: 063/A/NBP/2020 | C6: 43921 | D6: 4.5523 | E6: 4.1466 | F6: 5.1052
A7: =MONTH(C7)&"."&YEAR(C7) -> 6.2020 | B7: 125/A/NBP/2020 | C7: 44012 | D7: 4.466 | E7: 3.9806 | F7: 4.8851
A8: =MONTH(C8)&"."&YEAR(C8) -> 9.2020 | B8: 191/A/NBP/2020 | C8: 44104 | D8: 4.5268 | E8: 3.8658 | F8: 4.956
A9: =MONTH(C9)&"."&YEAR(C9) -> 12.2020 | B9: 255/A/NBP/2020 | C9: 44196 | D9: 4.6148 | E9: 3.7584 | F9: 5.1327
A10: =MONTH(C10)&"."&YEAR(C10) -> 3.2021 | B10: 062/A/NBP/2021 | C10: 44286 | D10: 4.6603 | E10: 3.9676 | F10: 5.4679
A11: =MONTH(C11)&"."&YEAR(C11) -> 6.2021 | B11: 124/A/NBP/2021 | C11: 44377 | D11: 4.5208 | E11: 3.8035 | F11: 5.2616
A12: =MONTH(C12)&"."&YEAR(C12) -> 9.2021 | B12: 190/A/NBP/2021 | C12: 44469 | D12: 4.6329 | E12: 3.9925 | F12: 5.3653
A13: =MONTH(C13)&"."&YEAR(C13) -> 12.2021 | B13: 254/A/NBP/2021 | C13: 44561 | D13: 4.5994 | E13: 4.06 | F13: 5.4846
... A24: =MONTH(C24)&"."&YEAR(C24) -> 9.2024 | B24: 190/A/NBP/2024 | C24: 45565 | D24: 4.2791 | E24: 3.8193 | F24: 5.1241
A25: =IF(B25<>"",MONTH(C25)&"."&YEAR(C25),"") -> 12.2024 | B25: 252/A/NBP/2024 | C25: 45657 | D25: 4.273 | E25: 4.1012 | F25: 5.1488
A26: =IF(B26<>"",MONTH(C26)&"."&YEAR(C26),"")
A27: =IF(B27<>"",MONTH(C27)&"."&YEAR(C27),"")
A28: =IF(B28<>"",MONTH(C28)&"."&YEAR(C28),"")
A29: =IF(B29<>"",MONTH(C29)&"."&YEAR(C29),"")
A30: =IF(B30<>"",MONTH(C30)&"."&YEAR(C30),"")
A31: =IF(B31<>"",MONTH(C31)&"."&YEAR(C31),"")
A32: =IF(B32<>"",MONTH(C32)&"."&YEAR(C32),"")
A33: =IF(B33<>"",MONTH(C33)&"."&YEAR(C33),"")
A34: =IF(B34<>"",MONTH(C34)&"."&YEAR(C34),"")
A35: =IF(B35<>"",MONTH(C35)&"."&YEAR(C35),"")
A36: =IF(B36<>"",MONTH(C36)&"."&YEAR(C36),"")
A37: =IF(B37<>"",MONTH(C37)&"."&YEAR(C37),"")
... A45: =IF(B45<>"",MONTH(C45)&"."&YEAR(C45),"")

Sheet spis treści
C1: =CHOOSE(jezyk,#REF!,#REF!,#REF!,#REF!) -> #REF! | D1: zakładka nie jest drukowana, służy nawigacji po pliku
C3: =CHOOSE(jezyk,#REF!,#REF!,#REF!,#REF!) -> #REF!
C4: Strona tytułowa SF
C5: =CHOOSE(jezyk,#REF!,#REF!,#REF!,#REF!) -> #REF!
C6: =CHOOSE(jezyk,#REF!,#REF!,#REF!,#REF!) -> #REF!
C7: Bilans - korekty
C8: Bilans po korektach
C9: =CHOOSE(jezyk,#REF!,#REF!,#REF!,#REF!) -> #REF!
C10: RZiS Por. po korektach
C11: =CHOOSE(jezyk,#REF!,#REF!,#REF!,#REF!) -> #REF!
C12: =CHOOSE(jezyk,#REF!,#REF!,#REF!,#REF!) -> #REF!
C13: CF kalkulacja
C14: =CHOOSE(jezyk,#REF!,#REF!,#REF!,#REF!) -> #REF!
C15: =CHOOSE(jezyk,#REF!,#REF!,#REF!,#REF!) -> #REF!
C16: =CHOOSE(jezyk,#REF!,#REF!,#REF!,#REF!) -> #REF!
C17: =CHOOSE(jezyk,#REF!,#REF!,#REF!,#REF!) -> #REF!
C18: =CHOOSE(jezyk,#REF!,#REF!,#REF!,#REF!) -> #REF!
C19: =CHOOSE(jezyk,#REF!,#REF!,#REF!,#REF!) -> #REF!
C20: =CHOOSE(jezyk,#REF!,#REF!,#REF!,#REF!) -> #REF!
C21: =CHOOSE(jezyk,#REF!,#REF!,#REF!,#REF!) -> #REF!
C22: =CHOOSE(jezyk,#REF!,#REF!,#REF!,#REF!) -> #REF!
C23: =CHOOSE(jezyk,#REF!,#REF!,#REF!,#REF!) -> #REF!
C24: =CHOOSE(jezyk,#REF!,#REF!,#REF!,#REF!) -> #REF!
C25: =CHOOSE(jezyk,#REF!,#REF!,#REF!,#REF!)&" "&CHOOSE(jezyk,#REF!,#REF!,#REF!,#REF!)&" "&CHOOSE(jezyk,#REF!,#REF!,#REF!,#REF!) -> #REF!
C26: =CHOOSE(jezyk,#REF!,#REF!,#REF!,#REF!) -> #REF!
C27: =CHOOSE(jezyk,#REF!,#REF!,#REF!,#REF!)&" "&CHOOSE(jezyk,#REF!,#REF!,#REF!,#REF!) -> #REF!
C28: =CHOOSE(jezyk,#REF!,#REF!,#REF!,#REF!) -> #REF!
C29: =CHOOSE(jezyk,#REF!,#REF!,#REF!,#REF!) -> #REF!
C30: =CHOOSE(jezyk,#REF!,#REF!,#REF!,#REF!) -> #REF!
C31: =CHOOSE(jezyk,#REF!,#REF!,#REF!,#REF!) -> #REF!
C32: =CHOOSE(jezyk,#REF!,#REF!,#REF!,#REF!)&" " -> #REF!
C33: =CHOOSE(jezyk,#REF!,#REF!,#REF!,#REF!) -> #REF!
C35: =CHOOSE(jezyk,#REF!,#REF!,#REF!,#REF!) -> #REF!

Sheet PKD
A1: symbol | B1: nazwa | C1: Bezeichnung
A2: 0111Z | B2: Uprawa zbóż, roślin strączkowych i roślin oleistych na nasiona, z wyłączeniem ryżu | C2: Getreide (ohne Reis), Hülsenfrüchte und Ölsaaten | D2: Uprawa zbóż, roślin strączkowych i roślin oleistych na nasiona, z wyłączeniem ryżu
A3: 0112Z | B3: Uprawa ryżu | C3: Rohreis | D3: Growing of rice
A4: 0113Z | B4: Uprawa warzyw, włączając melony oraz uprawa roślin korzeniowych i roślin bulwiastych | C4: Gemüse und Melonen sowie Wurzeln und Knollen | D4: Growing of vegetables, including melons, and of roots and tubers
A5: 0114Z | B5: Uprawa trzciny cukrowej | C5: Zuckerrohr | D5: Growing of sugar cane
A6: 0115Z | B6: Uprawa tytoniu | C6: Tabak | D6: Growing of tobacco
A7: 0116Z | B7: Uprawa roślin włóknistych | C7: Faserpflanzen | D7: Uprawa roślin włóknistych
A8: 0119Z | B8: Pozostałe uprawy rolne inne niż wieloletnie | C8: Sonstige einjährige Pflanzen | D8: Pozostałe uprawy rolne inne niż wieloletnie
A9: 0121Z | B9: Uprawa winogron | C9: Wein- und Tafeltrauben | D9: Growing of grapes
A10: 0122Z | B10: Uprawa drzew i krzewów owocowych tropikalnych i podzwrotnikowych | C10: Tropische und subtropische Früchte | D10: Uprawa drzew i krzewów owocowych tropikalnych i podzwrotnikowych
A11: 0123Z | B11: Uprawa drzew i krzewów owocowych cytrusowych | C11: Zitrusfrüchte | D11: Uprawa drzew i krzewów owocowych cytrusowych
A12: 0124Z | B12: Uprawa drzew i krzewów owocowych ziarnkowych i pestkowych | C12: Kern- und Steinobst | D12: Uprawa drzew i krzewów owocowych ziarnkowych i pestkowych
A13: 0125Z | B13: Uprawa pozostałych drzew i krzewów owocowych oraz orzechów | C13: Sonstiges Baum- und Strauchobst und Nüsse | D13: Uprawa pozostałych drzew i krzewów owocowych oraz orzechów
... A197: 2451Z | B197: Odlewnictwo żeliwa | C197: Eisengießereierzeugnisse | D197: Odlewnictwo żeliwa
A198: 2452Z | B198: Odlewnictwo staliwa | C198: Teile aus Stahlguss
A199: 2453Z | B199: Odlewnictwo metali lekkich | C199: Teile aus Leichtmetallguss | D199: Odlewnictwo metali lekkich
A200: 2454A | B200: Odlewnictwo miedzi i stopów miedzi | C200: Teile aus Buntmetall-/Schwermetallguss
A201: 2454B | B201: Odlewnictwo pozostałych metali nieżelaznych, gdzie indziej niesklasyfikowane | C201: Buntmetallgießereierzeugnisse, a.n.g. | D201: Odlewnictwo pozostałych metali nieżelaznych, gdzie indziej niesklasyfikowane
A202: 2511Z | B202: Produkcja konstrukcji metalowych i ich części | C202: Metallkonstruktionen und deren Teile | D202: Manufacture of metal structures and parts of structures
A203: 2512Z | B203: Produkcja metalowych elementów stolarki budowlanej | C203: Ausbauelemente aus Metall | D203: Manufacture of builders’ joinery components of metal
A204: 2521Z | B204: Produkcja grzejników i kotłów centralnego ogrzewania | C204: Heizkörper und -kessel für Zentralheizungen | D204: Produkcja grzejników i kotłów centralnego ogrzewania
A205: 2529Z | B205: Produkcja pozostałych zbiorników, cystern i pojemników metalowych | C205: Sammelbehälter, Tanks u. ä. Behälter aus Metall | D205: Manufacture of other tanks, reservoirs and containers of metal
A206: 2530Z | B206: Produkcja wytwornic pary, z wyłączeniem kotłów do centralnego ogrzewania gorącą wodą | C206: Dampfkessel ohne Zentralheizungskessel | D206: Produkcja wytwornic pary, z wyłączeniem kotłów do centralnego ogrzewania gorącą wodą
A207: 2540Z | B207: Produkcja broni i amunicji | C207: Produkcja broni i amunicji | D207: Produkcja broni i amunicji
A208: 2550Z | B208: Kucie, prasowanie, wytłaczanie i walcowanie metali; metalurgia proszków | C208: Schmiede-, Press-, Zieh- und Stanzteile, gewalzte Ringe und pulvermetallurgische Erzeugnisse | D208: Forging, pressing, stamping and roll-forming of metal; powder metallurgy
A209: 2561Z | B209: Obróbka metali i nakładanie powłok na metale | C209: Oberflächenveredlung und Wärmebehandlung | D209: Treatment and coating of metals
A210: 2562Z | B210: Obróbka mechaniczna elementów metalowych | C210: Mechanische Verarbeitung von Metallelementen | D210: Mechanical treatment of metal components
A211: 2571Z | B211: Produkcja wyrobów nożowniczych i sztućców | C211: Schneidwaren und Besteck | D211: Manufacture of knives and cutlery
A212: 2572Z | B212: Produkcja zamków i zawiasów | C212: Schlösser und Beschläge | D212: Manufacture of locks and hinges
... A656: 9900Z | B656: ORGANIZACJE I ZESPOŁY EKSTERYTORIALNE | C656: ORGANIZACJE I ZESPOŁY EKSTERYTORIALNE | D656: ORGANIZACJE I ZESPOŁY EKSTERYTORIALNE

Sheet Bilans
B2: Meritoros SA
B3: Bilans na dzień 31.12.2025
A5: Segment | B5: Nazwa | C5: Stan na dzień 31.12.2024 | D5: Stan na dzień 31.12.2025
A6: - | B6: AKTYWA | C6: =C7+C49+C92+C93 -> 5213673.9 | D6: 7407184.6
A7: A | B7: Aktywa trwałe | C7: =C8+C13+C22+C26+C46 -> 2400065.1 | D7: 3361161.2
A8: I | B8: Wartości niematerialne i prawne | C8: =C9+C10+C11+C12 -> 1344345.7 | D8: 2257414.6
A9: 1 | B9: Koszty zakończonych prac rozwojowych | C9: 0 | D9: 0
A10: 2 | B10: Wartość firmy | C10: 1220162.4 | D10: 2071864.6
A11: 3 | B11: Inne wartości niematerialne i prawne | C11: 124183.34 | D11: 60000
A12: 4 | B12: Zaliczki na wartości niematerialne i prawne | C12: 0 | D12: 125550
A13: II | B13: Rzeczowe aktywa trwałe | C13: =C14+C20+C21 -> 154283.89 | D13: 184629.28
A14: 1 | B14: Środki trwałe | C14: =C15+C16+C17+C18+C19 -> 154283.89 | D14: 184629.28
A15: a | B15: grunty (w tym prawo użytkowania wiecz. gruntu) | C15: 0 | D15: 0
A16: b | B16: bud., lok., prawa do lok. i ob. inż. ląd. i wodn. | C16: 0 | D16: 0
A17: c | B17: urządzenia techniczne i maszyny | C17: 135412.02 | D17: 168831.73
A18: d | B18: środki transportu | C18: 2395.67 | D18: 1289.98
A19: e | B19: inne środki trwałe | C19: 16476.2 | D19: 14507.57
A20: 2 | B20: Środki trwałe w budowie | C20: 0 | D20: 0
A21: 3 | B21: Zaliczki na środki trwałe w budowie | C21: 0 | D21: 0
A22: III | B22: Należności długoterminowe | C22: =C23+C24+C25 -> 0 | D22: 0
A23: 1 | B23: Od jednostek powiązanych | C23: 0 | D23: 0
A24: 2 | B24: Od poz. jedn., w których jedn. pos. zaang. w kap. | C24: 0 | D24: 0
A25: 3 | B25: Od pozostałych jednostek | C25: 0 | D25: 0
A26: IV | B26: Inwestycje długoterminowe | C26: =C27+C28+C29+C45 -> 723161 | D26: 723161
A27: 1 | B27: Nieruchomości | C27: 0 | D27: 0
A28: 2 | B28: Wartości niematerialne i prawne | C28: 0 | D28: 0
A29: 3 | B29: Długoterminowe aktywa finansowe | C29: =C30+C35+C40 -> 723161 | D29: 723161
A30: a | B30: w jednostkach powiązanych: | C30: =C31+C32+C33+C34 -> 723161 | D30: 723161
A31: - | B31: udziały lub akcje | C31: 723161 | D31: 723161
A32: - | B32: inne papiery wartościowe | C32: 0 | D32: 0
A33: - | B33: udzielone pożyczki | C33: 0 | D33: 0
A34: - | B34: inne długoterminowe aktywa finansowe | C34: 0 | D34: 0
A35: b | B35: w poz. jedn., w których jedn. pos. zaang. w kap. | C35: =C36+C37+C38+C39 -> 0 | D35: 0
A36: - | B36: udziały lub akcje | C36: 0 | D36: 0
A37: - | B37: inne papiery wartościowe | C37: 0 | D37: 0
A38: - | B38: udzielone pożyczki | C38: 0 | D38: 0
A39: - | B39: inne długoterminowe aktywa finansowe | C39: 0 | D39: 0
A40: c | B40: w pozostałych jednostkach: | C40: =C41+C42+C43+C44 -> 0 | D40: 0
A41: - | B41: udziały lub akcje | C41: 0 | D41: 0
A42: - | B42: inne papiery wartościowe | C42: 0 | D42: 0
A43: - | B43: udzielone pożyczki | C43: 0 | D43: 0
A44: - | B44: inne długoterminowe aktywa finansowe | C44: 0 | D44: 0
A45: 4 | B45: Inne inwestycje długoterminowe | C45: 0 | D45: 0
A46: V | B46: Długoterminowe rozliczenia międzyokresowe | C46: =C47+C48 -> 178274.45 | D46: 195956.34
A47: 1 | B47: Aktywa z tytułu odroczonego podatku dochodowego | C47: 178274.45 | D47: 195956.34
A48: 2 | B48: Inne rozliczenia międzyokresowe | C48: 0 | D48: 0
A49: B | B49: Aktywa obrotowe | C49: =C50+C56+C74+C91 -> 2813608.9 | D49: 4046023.4
A50: I | B50: Zapasy | C50: =C51+C52+C53+C54+C55 -> 15000 | D50: 0
A51: 1 | B51: Materiały | C51: 0 | D51: 0
A52: 2 | B52: Półprodukty i produkty w toku | C52: 0 | D52: 0
A53: 3 | B53: Produkty gotowe | C53: 0 | D53: 0
A54: 4 | B54: Towary | C54: 0 | D54: 0
A55: 5 | B55: Zaliczki na dostawy i usługi | C55: 15000 | D55: 0
A56: II | B56: Należności krótkoterminowe | C56: =C57+C62+C67 -> 2285536.7 | D56: 2952173.8
A57: 1 | B57: Należności od jednostek powiązanych | C57: =C58+C61 -> 490.77 | D57: 490.77
A58: a | B58: z tytułu dostaw i usług, o okresie spłaty: | C58: =C59+C60 -> 490.77 | D58: 490.77
A59: - | B59: do 12 miesięcy | C59: 490.77 | D59: 490.77
A60: - | B60: powyżej 12 miesięcy | C60: 0 | D60: 0
A61: b | B61: inne | C61: 0 | D61: 0
A62: 2 | B62: Nal. od jedn., w których jedn. pos. zaang. w kap. | C62: =C63+C66 -> 0 | D62: 0
A63: a | B63: z tytułu dostaw i usług, o okresie spłaty: | C63: =C64+C65 -> 0 | D63: 0
A64: - | B64: do 12 miesięcy | C64: 0 | D64: 0
A65: - | B65: powyżej 12 miesięcy | C65: 0 | D65: 0
A66: b | B66: inne | C66: 0 | D66: 0
A67: 3 | B67: Należności od pozostałych jednostek | C67: =C68+C71+C72+C73 -> 2285045.9 | D67: 2951683
A68: a | B68: z tytułu dostaw i usług, o okresie spłaty: | C68: =C69+C70 -> 2094483.1 | D68: 2786518.8
A69: - | B69: do 12 miesięcy | C69: 2094483.1 | D69: 2786518.8
A70: - | B70: powyżej 12 miesięcy | C70: 0 | D70: 0
A71: b | B71: z tyt. pod., dot., ceł, ubezp. in. tyt. publ.-praw | C71: 51887 | D71: 0
A72: c | B72: inne | C72: 138675.89 | D72: 165164.19
A73: d | B73: dochodzone na drodze sądowej | C73: 0 | D73: 0
A74: III | B74: Inwestycje krótkoterminowe | C74: =C75+C90 -> 219640.47 | D74: 760341.1
A75: 1 | B75: Krótkoterminowe aktywa finansowe | C75: =C76+C81+C86 -> 219640.47 | D75: 760341.1
A76: a | B76: w jednostkach powiązanych | C76: =C77+C78+C79+C80 -> 91724.17 | D76: 80310.45
A77: - | B77: udziały lub akcje | C77: 0 | D77: 0
A78: - | B78: inne papiery wartościowe | C78: 0 | D78: 0
A79: - | B79: udzielone pożyczki | C79: 91724.17 | D79: 80310.45
A80: - | B80: inne krótkoterminowe aktywa finansowe | C80: 0 | D80: 0
A81: b | B81: w pozostałych jednostkach | C81: =C82+C83+C84+C85 -> 109521.4 | D81: 0
A82: - | B82: udziały lub akcje | C82: 109521.4 | D82: 0
A83: - | B83: inne papiery wartościowe | C83: 0 | D83: 0
A84: - | B84: udzielone pożyczki | C84: 0 | D84: 0
A85: - | B85: inne krótkoterminowe aktywa finansowe | C85: 0 | D85: 0
A86: c | B86: środki pieniężne i inne aktywa pieniężne | C86: =C87+C88+C89 -> 18394.9 | D86: 680030.65
A87: - | B87: środki pieniężne w kasie i na rachunkach | C87: 18394.9 | D87: 680030.65
A88: - | B88: inne środki pieniężne | C88: 0 | D88: 0
A89: - | B89: inne aktywa pieniężne | C89: 0 | D89: 0
A90: 2 | B90: Inne inwestycje krótkoterminowe | C90: 0 | D90: 0
A91: IV | B91: Krótkoterminowe rozliczenia międzyokresowe | C91: 293431.69 | D91: 333508.56
A92: C | B92: Należne wpłaty na kapitał (fundusz) podstawowy | C92: 0 | D92: 0
A93: D | B93: Udziały (akcje) własne | C93: 0 | D93: 0
A94: - | B94: Aktywa razem | C94: =C7+C49+C92+C93 -> 5213673.9 | D94: 7407184.6
A95: - | B95: PASYWA | C95: =C96+C108 -> 5213673.9 | D95: 7407184.6
A96: A | B96: Kapitał (fundusz) własny | C96: =C97+C98+C100+C102+C105+C106+C107 -> 1593973.3 | D96: 2223682.5
A97: I | B97: Kapitał (fundusz) podstawowy | C97: 120000 | D97: 120000
A98: II | B98: Kapitał (fundusz) zapasowy, w tym: | C98: 1075892.2 | D98: 1473973.3
A99: - | B99: nadw. wart. sprz. nad wart. nom. udz. (akcji) | C99: 0 | D99: 0
A100: III | B100: Kapitał (fundusz) z aktualizacji wyceny, w tym: | C100: 0 | D100: 0
A101: - | B101: z tytułu aktualizacji wartości godziwej | C101: 0 | D101: 0
A102: IV | B102: Pozostałe kapitały (fundusze) rezerwowe, w tym: | C102: 0 | D102: 0
...

Sheet RZiS Por. 
B3: Meritoros SA
B4: Rachunek zysków i strat
B5: za rok obrotowy od 01.01.2025 do 31.12.2025
B6: (wariant porównawczy)
A8: Segment | B8: Nazwa | C8: 01.01-31.12.2025
A9: A | B9: Przychody netto ze sprzedaży i zrównane z nimi: | C9: 24820623
A10: - | B10: od jednostek powiązanych | C10: 307186.36
A11: I | B11: Przychody netto ze sprzedaży produktów | C11: 24820623
A12: II | B12: Zmiana stanu produktów | C12: 0
A13: III | B13: Koszt wytworzenia produktów na własne potrzeby jed | C13: 0
A14: IV | B14: Przychody netto ze sprzedaży towarów i materiałów | C14: 0
A15: B | B15: Koszty działalności operacyjnej | C15: 23471858
A16: I | B16: Amortyzacja | C16: 172660.91 | G16: 299905.36 | H16: 552976
A17: II | B17: Zużycie materiałów i energii | C17: 302087.22 | G17: 7281 | H17: 5986.8
A18: III | B18: Usługi obce | C18: 8218404 | G18: =SUM(G16:G17) -> 307186.36 | H18: =SUM(H16:H17) -> 558962.8
A19: IV | B19: Podatki i opłaty, w tym: | C19: 200100.27
A20: - | B20: podatek akcyzowy | C20: 0
A21: V | B21: Wynagrodzenia | C21: 12361255 | G21: =C9 -> 24820623 | H21: 19516284 | I21: =(G21-H21)/H21 -> 0.2717904
A22: VI | B22: Ubezpieczenia społeczne i inne świadczenia, w tym: | C22: 2182937.8 | G22: =C15 -> 23471858 | H22: 18875307 | I22: =(G22-H22)/H22 -> 0.24352194
A23: - | B23: emerytalne | C23: 1902100.1
A24: VII | B24: Pozostałe koszty rodzajowe | C24: 34413.02
A25: VIII | B25: Wartość sprzedanych towarów i materiałów | C25: 0
A26: C | B26: Zysk (strata) ze sprzedaży (A-B) | C26: 1348765.1
A27: D | B27: Pozostałe przychody operacyjne | C27: 550660.23
A28: I | B28: Zysk z tyt.rozchodu niefinansowych aktywów trwałyc | C28: 325.2
A29: II | B29: Dotacje | C29: 1440
A30: III | B30: Aktualizacja wartości aktywów niefinansowych | C30: 302051.8
A31: IV | B31: Inne przychody operacyjne | C31: 246843.23
A32: E | B32: Pozostałe koszty operacyjne | C32: 1192586.3
A33: I | B33: Strata z tyt.rozchodu niefinansowych aktywów trwał | C33: 0
A34: II | B34: Aktualizacja wartości aktywów niefinansowych | C34: 461515.37
... A61: L | B61: Zysk (strata) netto (I- J- K) | C61: 629709.21
A62: =SUBTOTAL(3,A9:A61) -> 53
C64: =C61-Bilans!D106 -> 0

Sheet FORMATKA_RPP bezpośredni
A1: Lp | B1: Symbol | C1: Opis pozycji | D1: Bieżacy rok obrotowy | E1: Poprzedni rok obrotowy | F1: Przekształcone dane porównawcze za poprzedni rok obrotowy
A2: 1. | B2: A. | C2: A. Przepływy środków pieniężnych z działalności operacyjnej | D2: 0 | E2: 0 | F2: 0
A3: 1.1. | B3: A.I. | C3: I. Wpływy | D3: 0 | E3: 0 | F3: 0
A4: 1.1.1. | B4: A.I.1. | C4: 1. Sprzedaż | D4: 0 | E4: 0 | F4: 0
A5: 1.1.2. | B5: A.I.2. | C5: 2. Inne wpływy z działalności operacyjnej | D5: 0 | E5: 0 | F5: 0
A6: 1.2. | B6: A.II. | C6: II. Wydatki | D6: 0 | E6: 0 | F6: 0
A7: 1.2.1. | B7: A.II.1. | C7: 1. Dostawy i usługi | D7: 0 | E7: 0 | F7: 0
A8: 1.2.2. | B8: A.II.2. | C8: 2. Wynagrodzenia netto | D8: 0 | E8: 0 | F8: 0
A9: 1.2.3. | B9: A.II.3. | C9: 3. Ubezpieczenia społeczne i zdrowotne oraz inne świadczenia | D9: 0 | E9: 0 | F9: 0
A10: 1.2.4. | B10: A.II.4. | C10: 4. Podatki i opłaty o charakterze publicznoprawnym | D10: 0 | E10: 0 | F10: 0
A11: 1.2.5. | B11: A.II.5. | C11: 5. Inne wydatki operacyjne | D11: 0 | E11: 0 | F11: 0
A12: 1.3. | B12: A.III. | C12: III. Przepływy pieniężne netto z działalności operacyjnej (I–II) | D12: 0 | E12: 0 | F12: 0
A13: 2. | B13: B. | C13: B. Przepływy środków pieniężnych z działalności inwestycyjnej | D13: 0 | E13: 0 | F13: 0
... A58: 7.1. | B58: G.1 | C58: – o ograniczonej możliwości dysponowania | D58: 0 | E58: 0 | F58: 0

Sheet RZiS Kal.
B1: SPIS TREŚCI
B3: =nazwa_spolki&", "&siedziba -> #REF!
B4: =CHOOSE(jezyk,#REF!,#REF!,#REF!,#REF!) -> #REF!
B5: =CHOOSE(jezyk,#REF!,#REF!,#REF!,#REF!) -> #REF!
B6: =CHOOSE(jezyk,#REF!,#REF!,#REF!,#REF!) -> #REF!
F9: =CHOOSE(jezyk,#REF!,#REF!,#REF!,#REF!) -> #REF! | G9: =CHOOSE(jezyk,#REF!,#REF!,#REF!,#REF!) -> #REF!
F10: PLN | G10: PLN
B12: A. | C12: =CHOOSE(jezyk,#REF!,#REF!,#REF!,#REF!) -> #REF! | F12: =SUM(F15:F16) -> 0 | G12: =SUM(G15:G16) -> 0
D14: - | E14: =CHOOSE(jezyk,#REF!,#REF!,#REF!,#REF!) -> #REF!
C15: I. | D15: =CHOOSE(jezyk,#REF!,#REF!,#REF!,#REF!) -> #REF!
C16: II. | D16: =CHOOSE(jezyk,#REF!,#REF!,#REF!,#REF!) -> #REF!
B18: B. | C18: =CHOOSE(jezyk,#REF!,#REF!,#REF!,#REF!) -> #REF! | F18: =SUM(F21:F22) -> 0 | G18: =SUM(G21:G22) -> 0
D20: - | E20: =CHOOSE(jezyk,#REF!,#REF!,#REF!,#REF!) -> #REF!
C21: I. | D21: =CHOOSE(jezyk,#REF!,#REF!,#REF!,#REF!) -> #REF!
C22: II. | D22: =CHOOSE(jezyk,#REF!,#REF!,#REF!,#REF!) -> #REF!
B24: C. | C24: =CHOOSE(jezyk,#REF!,#REF!,#REF!,#REF!) -> #REF! | F24: =F12-F18 -> 0 | G24: =G12-G18 -> 0
B26: D. | C26: =CHOOSE(jezyk,#REF!,#REF!,#REF!,#REF!) -> #REF!
B28: E. | C28: =CHOOSE(jezyk,#REF!,#REF!,#REF!,#REF!) -> #REF!
B30: F. | C30: =CHOOSE(jezyk,#REF!,#REF!,#REF!,#REF!) -> #REF! | F30: =F24-SUM(F26:F28) -> 0 | G30: =G24-SUM(G26:G28) -> 0
B32: G. | C32: =CHOOSE(jezyk,#REF!,#REF!,#REF!,#REF!) -> #REF! | F32: =SUM(F34:F37) -> 0 | G32: =SUM(G34:G37) -> 0
C34: I. | D34: =CHOOSE(jezyk,#REF!,#REF!,#REF!,#REF!) -> #REF!
C35: II. | D35: =CHOOSE(jezyk,#REF!,#REF!,#REF!,#REF!) -> #REF!
C36: III. | D36: =CHOOSE(jezyk,#REF!,#REF!,#REF!,#REF!) -> #REF!
C37: IV. | D37: =CHOOSE(jezyk,#REF!,#REF!,#REF!,#REF!) -> #REF!
B39: H. | C39: =CHOOSE(jezyk,#REF!,#REF!,#REF!,#REF!) -> #REF! | F39: =SUM(F41:F43) -> 0 | G39: =SUM(G41:G43) -> 0
C41: I. | D41: =CHOOSE(jezyk,#REF!,#REF!,#REF!,#REF!) -> #REF!
C42: II. | D42: =CHOOSE(jezyk,#REF!,#REF!,#REF!,#REF!) -> #REF!
C43: III. | D43: =CHOOSE(jezyk,#REF!,#REF!,#REF!,#REF!) -> #REF!
B45: I. | C45: =CHOOSE(jezyk,#REF!,#REF!,#REF!,#REF!) -> #REF! | F45: =F30+F32-F39 -> 0 | G45: =G30+G32-G39 -> 0
B47: J. | C47: =CHOOSE(jezyk,#REF!,#REF!,#REF!,#REF!) -> #REF! | F47: =SUM(F49,F54,F56,F58,F59) -> 0 | G47: =SUM(G49,G54,G56,G58,G59) -> 0
C49: I. | D49: =CHOOSE(jezyk,#REF!,#REF!,#REF!,#REF!) -> #REF! | F49: =F50+F52 -> 0 | G49: =G50+G52 -> 0
D50: a) | E50: =CHOOSE(jezyk,#REF!,#REF!,#REF!,#REF!) -> #REF!
D51: - | E51: =CHOOSE(jezyk,#REF!,#REF!,#REF!,#REF!) -> #REF!
D52: b) | E52: =CHOOSE(jezyk,#REF!,#REF!,#REF!,#REF!) -> #REF!
D53: - | E53: =E51 -> #REF!
C54: II. | D54: =CHOOSE(jezyk,#REF!,#REF!,#REF!,#REF!) -> #REF!
D55: - | E55: =CHOOSE(jezyk,#REF!,#REF!,#REF!,#REF!) -> #REF!
C56: III. | D56: =CHOOSE(jezyk,#REF!,#REF!,#REF!,#REF!) -> #REF!
D57: - | E57: =CHOOSE(jezyk,#REF!,#REF!,#REF!,#REF!) -> #REF!
C58: IV. | D58: =CHOOSE(jezyk,#REF!,#REF!,#REF!,#REF!) -> #REF!
C59: V. | D59: =CHOOSE(jezyk,#REF!,#REF!,#REF!,#REF!) -> #REF!
B61: K. | C61: =CHOOSE(jezyk,#REF!,#REF!,#REF!,#REF!) -> #REF! | F61: =SUM(F63,F65,F67,F68) -> 0 | G61: =SUM(G63,G65,G67,G68) -> 0
C63: I. | D63: =CHOOSE(jezyk,#REF!,#REF!,#REF!,#REF!) -> #REF!
D64: - | E64: =CHOOSE(jezyk,#REF!,#REF!,#REF!,#REF!) -> #REF!
C65: II. | D65: =CHOOSE(jezyk,#REF!,#REF!,#REF!,#REF!) -> #REF!
D66: - | E66: =E57 -> #REF!
C67: III. | D67: =CHOOSE(jezyk,#REF!,#REF!,#REF!,#REF!) -> #REF!
C68: IV. | D68: =CHOOSE(jezyk,#REF!,#REF!,#REF!,#REF!) -> #REF!
B70: L. | C70: =CHOOSE(jezyk,#REF!,#REF!,#REF!,#REF!) -> #REF! | F70: =F45+F47-F61 -> 0 | G70: =G45+G47-G61 -> 0
B72: M. | C72: =CHOOSE(jezyk,#REF!,#REF!,#REF!,#REF!) -> #REF! | H72: =F72-#REF! -> #REF!
B74: N. | C74: =CHOOSE(jezyk,#REF!,#REF!,#REF!,#REF!) -> #REF!
B77: O. | C77: =CHOOSE(jezyk,#REF!,#REF!,#REF!,#REF!) -> #REF! | F77: =F70-SUM(F72,F74) -> 0 | G77: =G70-SUM(G72,G74) -> 0
B80: =siedziba&", "&#REF! -> #REF!
E81: =CHOOSE(jezyk,#REF!,#REF!,#REF!,#REF!) -> #REF! | F81: =CHOOSE(jezyk,#REF!,#REF!,#REF!,#REF!) -> #REF!
E83: pola kontrolne | F83: =F77-Bilans!#REF! -> #REF! | G83: =G77-Bilans!#REF! -> #REF!

Sheet ZZwKW
B2: Meritoros SA
B3: Zestawienie zmian w kapitale (funduszu) własnym
B4: za rok obrotowy od 01.01.2025 do 31.12.2025
A6: Lp. | B6: Tytuł | C6: 01.01-31.12.2025
A7: I. | B7: Kapitał (fundusz) własny na początek okresu (BO) | C7: =C11+C19+C32+C40+C47 -> 1593973.3 | D7: =C7-Bilans!C96 -> 0
B8: - zmiany przyjętych zasad (polityki) rachunkowości | C8: =C49+C60 -> 0
B9: - korekty błędów | C9: =C50+C61 -> 0
A10: I.a. | B10: Kapitał (fundusz) własny na początek okresu (BO), po korektach | C10: =C11+C19+C32+C40+C51+C62 -> 1593973.3
A11: 1 | B11: Kapitał (fundusz) podstawowy na początek okresu | C11: 120000 | D11: =C11-Bilans!C97 -> 0
A12: 1.1. | B12: Zmiany kapitału (funduszu) podstawowego | C12: =C13-C16 -> 0
A13: a | B13: zwiększenie (z tytułu) | C13: =SUM(C14:C15) -> 0
B14: - wydania udziałów (emisji akcji) | C14: 0
B15: - podniesienie z kapitału zapasowego | C15: 0
A16: b | B16: zmniejszenie (z tytułu) | C16: =SUM(C17) -> 0
B17: - umorzenie udziałów (akcji) | C17: 0
A18: 1.2. | B18: Kapitał (fundusz) podstawowy na koniec okresu | C18: 120000 | D18: =C18-Bilans!D97 -> 0
A19: 2 | B19: Kapitał (fundusz) zapasowy na początek okresu | C19: 1075892.2 | D19: =C19-Bilans!C98 -> 0
A20: 2.1. | B20: Zmiany kapitału (funduszu) zapasowego | C20: =(C21-C26) -> 398081.12
A21: a | B21: zwiększenie (z tytułu) | C21: =SUM(C22:C25) -> 398081.12
B22: - emisji akcji powyżej wartości nominalnej | C22: 0
B23: - podziału zysku (ustawowo) | C23: 0
B24: - podziału zysku (ponad wymaganą ustawowo minimalną wartość) | C24: 0
B25: - podział zysku zgodnie z uchwałą zgromadzenia wspólników | C25: 398081.12
A26: b | B26: zmniejszenie (z tytułu) | C26: =SUM(C27:C30) -> 0
B27: - pokrycia straty | C27: 0
B28: - wypłaty dywidendy | C28: 0
B29: - podniesienie kapitału zakładowego | C29: 0
B30: - zryczałtowany podatek dochodowy od podniesienia kapitału zakładowego | C30: 0
A31: 2.2. | B31: Stan kapitału (funduszu) zapasowego na koniec okresu | C31: =SUM(C19:C20) -> 1473973.3 | D31: =C31-Bilans!D98 -> 0
A32: 3 | B32: Kapitał (fundusz) z aktualizacji wyceny na początek okresu - zmiany przyjętych zasad (polityki) rachunkowości | C32: 0
A33: 3.1. | B33: Zmiany kapitału (funduszu) z aktualizacji wyceny | C33: =C34-C36 -> 0
A34: a | B34: zwiększenie (z tytułu) | C34: =SUM(C35:C35) -> 0
B35: - ....... | C35: 0
A36: b | B36: zmniejszenie (z tytułu) | C36: =SUM(C37:C38) -> 0
B37: - zbycia środków trwałych | C37: 0
B38: - ........ | C38: 0
A39: 3.2. | B39: Kapitał (fundusz) z aktualizacji wyceny na koniec okresu | C39: 0
A40: 4 | B40: Pozostałe kapitały (fundusze) rezerwowe na początek okresu | C40: 0
A41: 4.1. | B41: Zmiany pozostałych kapitałów (funduszy) rezerwowych | C41: =C42-C44 -> 0
A42: a | B42: zwiększenie (z tytułu) | C42: =SUM(C43:C43) -> 0
B43: - ........ | C43: 0
A44: b | B44: zmniejszenie (z tytułu) | C44: =SUM(C45:C45) -> 0
B45: - ....... | C45: 0
A46: 4.2. | B46: Pozostałe kapitały (fundusze) rezerwowe na koniec okresu | C46: =C40+C41 -> 0
A47: 5 | B47: Zysk (strata) z lat ubiegłych na początek okresu | C47: =C48 -> 398081.12 | D47: =C47-Bilans!C106 -> 0
A48: 5.1. | B48: Zysk z lat ubiegłych na początek okresu | C48: 398081.12
B49: - zmiany przyjętych zasad (polityki) rachunkowości | C49: 0
B50: - korekty błędów | C50: 0
A51: 5.2. | B51: Zysk z lat ubiegłych na początek okresu, po korektach | C51: =C48-C49-C50 -> 398081.12
A52: a | B52: zwiększenie (z tytułu) | C52: =SUM(C53:C54) -> 0
B53: - podziału zysku z lat ubiegłych | C53: 0
B54: - ....... | C54: 0
A55: b | B55: zmniejszenie (z tytułu) | C55: =C56+C57 -> 398081.12
B56: - zwiększenie kapitału zapasowego | C56: 398081.12
B57: - wypłata dywidendy | C57: 0
A58: 5.3. | B58: Zysk z lat ubiegłych na koniec okresu | C58: 0 | D58: =C58-Bilans!D105 -> 0
A59: 5.4. | B59: Strata z lat ubiegłych na początek okresu (-) | C59: 0
B60: - zmiany przyjętych zasad (polityki) rachunkowości | C60: 0
B61: - korekty błędów | C61: 0
A62: 5.5. | B62: Strata z lat ubiegłych na początek okresu, po korektach | C62: 0
A63: a | B63: zwiększenie (z tytułu) | C63: 0
B64: - przeniesienie straty z lat ubiegłych do pokrycia | C64: 0
B65: - ........ | C65: 0
A66: b | B66: zmniejszenie (z tytułu) | C66: =SUM(C67:C67) -> 0
B67: - ........ | C67: 0
A68: 5.6. | B68: Strata z lat ubiegłych na koniec okresu | C68: 0
A69: 5.7. | B69: Zysk (strata) z lat ubiegłych na koniec okresu | C69: 0
A70: 6 | B70: Wynik netto | C70: =C71+C73+C75 -> 629709.21 | D70: =C70-'RZiS Por. '!C61 -> 0
A71: a | B71: zysk netto, w tym: | C71: ='RZiS Por. '!C61 -> 629709.21
B72: -zysk netto bieżącego kwartału | C72: 0
A73: b | B73: strata netto (wielkość ujemna), w tym: | C73: 0
B74: -strata netto bieżącego kwartału | C74: 0
A75: c | B75: odpisy z zysku (wielkość ujemna) | C75: 0
A76: II | B76: Kapitał (fundusz) własny na koniec okresu (BZ) | C76: =C18+C31+C39+C46+C58+C68+C70 -> 2223682.5 | D76: =C76-Bilans!D96 -> 0
A77: III | B77: Kapitał (fundusz) własny, po uwzględnieniu proponowanego podziału zysku (pokrycia straty) | C77: =C76 -> 2223682.5

Sheet CF mp
B2: Meritoros SA
B3: Rachunek przepływów pieniężnych
B4: za rok obrotowy od 01.01.2025 do 31.12.2025
B5: (metoda pośrednia)
A7: Lp. | B7: Tytuł | C7: 01.01-31.12.2025
A8: A | B8: Przepływy środków pieniężnych z działalności operacyjnej
A9: I | B9: Zysk (strata) netto | C9: ='RZiS Por. '!C61 -> 629709.21 | G9: Koszty finansowe | H9: =H10+H11+H13+H16 -> 51402.06
A10: II | B10: Korekty razem | C10: =SUM(C11:C20) -> -521675.86 | G10: odsetki leasing 751-1-3 | H10: 8100.09
A11: 1 | B11: Amortyzacja | C11: ='RZiS Por. '!C16+-Bilans!H9 -> 172660.91 | G11: odsetki od kredytu overdra 751-1-2 | H11: 6395.53
A12: 2 | B12: Zyski (straty) z tytułu różnic kursowych | C12: 0
A13: 3 | B13: Odsetki i udziały w zyskach (dywidendy) | C13: =-Bilans!H81+Bilans!H141+Bilans!H125+Bilans!H126+H9-H20 -> -9249.02 | G13: prowizje 751-4-1 od udzielonego kredytu + prowizje od zaangażowania | H13: 15724.4
A14: 4 | B14: Zysk (strata) z działalności inwestycyjnej | C14: =-'RZiS Por. '!C28-H24-H27 -> -185087.75
A15: 5 | B15: Zmiana stanu rezerw | C15: =Bilans!E109 -> 0 | G15: kredyt bankowy: spłata kapitału | H15: =17857.14*4 -> 71428.56
A16: 6 | B16: Zmiana stanu zapasów | C16: =-Bilans!E50 -> 0 | G16: kredyt bankowy: spłata odsetek | H16: 21182.04
A17: 7 | B17: Zmiana stanu należności | C17: =-(Bilans!E22+Bilans!E57+Bilans!E67) -> 0
A18: 8 | B18: Zmiana stanu zobowiązań krótkoterminowych, z wyjątkiem pożyczek i kredytów | C18: =Bilans!E129+Bilans!E142+Bilans!E146+Bilans!E147+Bilans!E148-H18 -> -500000 | G18: zobowiązanie z tyt. ZCP | H18: 500000
A19: 9 | B19: Zmiana stanu rozliczeń międzyokresowych | C19: =-Bilans!E91+Bilans!E150-Bilans!E46 -> 0
A20: 10 | B20: Inne korekty | G20: Przychody finansowe | H20: =H21+H22 -> 60651.08
A21: III | B21: Przepływy pieniężne netto z działalności operacyjnej (I ± II) | C21: =C9+C10 -> 108033.35 | G21: dywideda Pepco | H21: 1775.99
A22: B | B22: Przepływy środków pieniężnych z działalności inwestycyjnej | G22: dywidenda Taxaide | H22: 58875.09
A23: I | B23: Wpływy | C23: =C24+C25+C26+C38 -> 245738.83
A24: 1 | B24: Zbycie wartości niematerialnych i prawnych oraz rzeczowych aktywów trwałych | C24: ='RZiS Por. '!C28 -> 325.2 | G24: Sprzedaż PEPCO - zysk | H24: =H28-H26 -> 6206.65
A25: 2 | B25: Zbycie inwestycji w nieruchomości oraz wartości niematerialne i prawne | C25: 0 | G25: wartość księgowa akcji BO | H25: =-Bilans!E82 -> 0
A26: 3 | B26: Z aktywów finansowych, w tym: | C26: =C27+C30 -> 245413.63 | G26: wartość księgowa akcji BZ | H26: =225223.73-46667.83 -> 178555.9
A27: a | B27: w jednostkach powiązanych | C27: =SUM(C28:C29) -> 58875.09 | G27: wartość przeszacowania | H27: =H26-H25 -> 178555.9
B28: - dywidendy i udziały w zyskach | C28: =H22 -> 58875.09 | G28: wpływ na rachunek | H28: 184762.55
B29: - spłata udzielonych pożyczek długoterminowych | C29: =-Bilans!H80 -> 0
A30: b | B30: w pozostałych jednostkach | C30: =SUM(C31:C37) -> 186538.54
B31: - zbycie aktywów finansowych | C31: =H28 -> 184762.55
B32: - aktualizacja wartości aktywów | C32: 0
B33: - dywidendy i udziały w zyskach | C33: =H21 -> 1775.99
B34: - spłata udzielonych pożyczek krótkoterninowych | C34: 0
B35: - spłata udzielonych pożyczek długoterminowych | C35: 0
B36: - odsetki | C36: 0
B37: - inne wpływy z aktywów finansowych | C37: 0
A38: 4 | B38: Inne wpływy inwestycyjne | C38: 0
A39: II | B39: Wydatki | C39: =C40+C41+C42+C51 -> -500000
A40: 1 | B40: Nabycie wartości niematerialnych i prawnych oraz rzeczowych aktywów trwałych | C40: =Bilans!H8+Bilans!H13+Bilans!H20+Bilans!H28-H18 -> -500000
A41: 2 | B41: Inwestycje w nieruchomości oraz wartości niematerialne i prawne | C41: 0
A42: 3 | B42: Na aktywa finansowe, w tym: | C42: =C43+C47 -> 0
A43: a | B43: w jednostkach powiązanych | C43: =SUM(C44:C46) -> 0
B44: - nabycie aktywów finansowych | C44: 0
B45: -udzielone pożyczki krótkoterminowe | C45: 0
B46: -udzielone pożyczki długoterminowe | C46: 0
A47: b | B47: w pozostałych jednostkach | C47: =SUM(C48:C50) -> 0
B48: - nabycie aktywów finansowych | C48: 0
B49: -udzielone pożyczki krótkoterminowe | C49: 0
B50: -udzielone pożyczki długoterminowe | C50: 0
A51: 4 | B51: Inne wydatki inwestycyjne | C51: 0
A52: III | B52: Przepływy pieniężne netto z działalności inwestycyjnej (I-II) | C52: =C23-C39 -> 745738.83
A53: C | B53: Przepływy środków pieniężnych z działalności finansowej
A54: I | B54: Wpływy | C54: =SUM(C55:C58) -> 71428.56
A55: 1 | B55: Wpływy netto z wydania udziałów (emisji akcji) i innych instrumentów kapitałowych oraz dopłat do kapitału | C55: 0
A56: 2 | B56: Kredyty i pożyczki | C56: =Bilans!H121+Bilans!H138+Bilans!H144+H15 -> 71428.56
A57: 3 | B57: Emisja dłużnych papierów wartościowych | C57: 0
A58: 4 | B58: Inne wpływy finansowe | C58: 0
A59: II | B59: Wydatki | C59: =SUM(C60:C68) -> 122830.62
A60: 1 | B60: Nabycie udziałów (akcji) własnych | C60: 0
A61: 2 | B61: Dywidendy i inne wypłaty na rzecz właścicieli | C61: 0
A62: 3 | B62: Inne, niż wypłaty na rzecz właścicieli, wydatki z tytułu podziału zysku | C62: 0
A63: 4 | B63: Spłaty kredytów i pożyczek | C63: =-Bilans!H139-Bilans!H140-Bilans!H145+H15 -> 71428.56
A64: 5 | B64: Wykup dłużnych papierów wartościowych | C64: 0
A65: 6 | B65: Z tytułu innych zobowiązań finansowych | C65: 0
A66: 7 | B66: Płatności zobowiązań z tytułu umów leasingu finansowego | C66: =-Bilans!H124 -> 0
A67: 8 | B67: Odsetki | C67: =-Bilans!H82-Bilans!H143+H9 -> 51402.06
A68: 9 | B68: Inne wydatki finansowe | C68: 0
A69: III | B69: Przepływy pieniężne netto z działalności finansowej (I-II) | C69: =C54-C59 -> -51402.06
A70: D | B70: Przepływy pieniężne netto, razem (A.III ± B.III ± C.III) | C70: =C21+C52+C69 -> 802370.12
A71: E | B71: Bilansowa zmiana stanu środków pieniężnych, w tym: | C71: =Bilans!D87-Bilans!C87 -> 661635.75
B72: - zmiana stanu środków pieniężnych z tytułu różnic kursowych | C72: 0
A73: F | B73: Środki pieniężne na początek okresu | C73: =Bilans!C87 -> 18394.9
A74: G | B74: Środki pieniężne na koniec okresu (F±D), w tym: | C74: =C71+C73 -> 680030.65
B75: - o ograniczonej możliwości dysponowania | C75: ='Informacja dodatkowa'!D373 -> 4283.97
C77: =C71-Bilans!E87 -> 661635.75
C78: =C70-C71 -> 140734.37

Sheet CF mb
B1: SPIS TREŚCI
B3: =nazwa_spolki &", " &siedziba -> #REF!
B4: =CHOOSE(jezyk,#REF!,#REF!,#REF!,#REF!) -> #REF!
B5: =CHOOSE(jezyk,#REF!,#REF!,#REF!,#REF!) -> #REF!
B6: =CHOOSE(jezyk,#REF!,#REF!,#REF!,#REF!) -> #REF!
I9: =dzb -> #REF! | J9: =CHOOSE(jezyk,#REF!,#REF!,#REF!,#REF!) -> #REF!
I10: PLN | J10: PLN
B13: A. | C13: =CHOOSE(jezyk,#REF!,#REF!,#REF!,#REF!) -> #REF!
C15: I. | D15: =CHOOSE(jezyk,#REF!,#REF!,#REF!,#REF!) -> #REF! | I15: =SUM(I17:I18) -> 0 | J15: =SUM(J17:J18) -> 0
D17: 1. | E17: =CHOOSE(jezyk,#REF!,#REF!,#REF!,#REF!) -> #REF!
D18: 2. | E18: =CHOOSE(jezyk,#REF!,#REF!,#REF!,#REF!) -> #REF!
C20: II. | D20: =CHOOSE(jezyk,#REF!,#REF!,#REF!,#REF!) -> #REF! | I20: =SUM(I22:I26) -> 0 | J20: =SUM(J22:J26) -> 0
D22: 1. | E22: =CHOOSE(jezyk,#REF!,#REF!,#REF!,#REF!) -> #REF!
D23: 2. | E23: =CHOOSE(jezyk,#REF!,#REF!,#REF!,#REF!) -> #REF!
D24: 3. | E24: =CHOOSE(jezyk,#REF!,#REF!,#REF!,#REF!) -> #REF!
D25: 4. | E25: =CHOOSE(jezyk,#REF!,#REF!,#REF!,#REF!) -> #REF!
D26: 5. | E26: =CHOOSE(jezyk,#REF!,#REF!,#REF!,#REF!) -> #REF!
C28: III. | D28: =CHOOSE(jezyk,#REF!,#REF!,#REF!,#REF!) -> #REF! | I28: =I15-I20 -> 0 | J28: =J15-J20 -> 0
B30: B. | C30: =CHOOSE(jezyk,#REF!,#REF!,#REF!,#REF!) -> #REF!
C32: I. | D32: =CHOOSE(jezyk,#REF!,#REF!,#REF!,#REF!) -> #REF! | I32: =SUM(I34:I36)+I44 -> 0 | J32: =SUM(J34:J36)+J44 -> 0
D34: 1. | E34: =CHOOSE(jezyk,#REF!,#REF!,#REF!,#REF!) -> #REF!
D35: 2. | E35: =CHOOSE(jezyk,#REF!,#REF!,#REF!,#REF!) -> #REF!
D36: 3. | E36: =CHOOSE(jezyk,#REF!,#REF!,#REF!,#REF!) -> #REF! | I36: =SUM(I37:I38) -> 0 | J36: =SUM(J37:J38) -> 0
E37: a) | F37: =CHOOSE(jezyk,#REF!,#REF!,#REF!,#REF!) -> #REF!
E38: b) | F38: =CHOOSE(jezyk,#REF!,#REF!,#REF!,#REF!) -> #REF! | I38: =SUM(I39:I43) -> 0 | J38: =SUM(J39:J43) -> 0
F39: - | G39: =CHOOSE(jezyk,#REF!,#REF!,#REF!,#REF!) -> #REF!
F40: - | G40: =CHOOSE(jezyk,#REF!,#REF!,#REF!,#REF!) -> #REF!
F41: - | G41: =CHOOSE(jezyk,#REF!,#REF!,#REF!,#REF!) -> #REF!
F42: - | G42: =CHOOSE(jezyk,#REF!,#REF!,#REF!,#REF!) -> #REF!
F43: - | G43: =CHOOSE(jezyk,#REF!,#REF!,#REF!,#REF!) -> #REF!
D44: 4. | E44: =CHOOSE(jezyk,#REF!,#REF!,#REF!,#REF!) -> #REF!
C46: II. | D46: =CHOOSE(jezyk,#REF!,#REF!,#REF!,#REF!) -> #REF! | I46: =SUM(I48:I50)+I55 -> 0 | J46: =SUM(J48:J50)+J55 -> 0
D48: 1. | E48: =CHOOSE(jezyk,#REF!,#REF!,#REF!,#REF!) -> #REF!
D49: 2. | E49: =CHOOSE(jezyk,#REF!,#REF!,#REF!,#REF!) -> #REF!
D50: 3. | E50: =CHOOSE(jezyk,#REF!,#REF!,#REF!,#REF!) -> #REF! | I50: =SUM(I51:I52) -> 0 | J50: =SUM(J51:J52) -> 0
E51: a) | F51: =CHOOSE(jezyk,#REF!,#REF!,#REF!,#REF!) -> #REF!
E52: b) | F52: =CHOOSE(jezyk,#REF!,#REF!,#REF!,#REF!) -> #REF! | I52: =SUM(I53:I54) -> 0 | J52: =SUM(J53:J54) -> 0
F53: - | G53: =CHOOSE(jezyk,#REF!,#REF!,#REF!,#REF!) -> #REF!
F54: - | G54: =CHOOSE(jezyk,#REF!,#REF!,#REF!,#REF!) -> #REF!
D55: 4. | E55: =CHOOSE(jezyk,#REF!,#REF!,#REF!,#REF!) -> #REF!
C57: III. | D57: =CHOOSE(jezyk,#REF!,#REF!,#REF!,#REF!) -> #REF! | I57: =I32-I46 -> 0 | J57: =J32-J46 -> 0
B59: C. | C59: =CHOOSE(jezyk,#REF!,#REF!,#REF!,#REF!) -> #REF!
C61: I. | D61: =CHOOSE(jezyk,#REF!,#REF!,#REF!,#REF!) -> #REF! | I61: =SUM(I63:I66) -> 0 | J61: =SUM(J63:J66) -> 0
D63: 1. | E63: =CHOOSE(jezyk,#REF!,#REF!,#REF!,#REF!) -> #REF!
D64: 2. | E64: =CHOOSE(jezyk,#REF!,#REF!,#REF!,#REF!) -> #REF!
D65: 3. | E65: =CHOOSE(jezyk,#REF!,#REF!,#REF!,#REF!) -> #REF!
D66: 4. | E66: =CHOOSE(jezyk,#REF!,#REF!,#REF!,#REF!) -> #REF!
C68: II. | D68: =CHOOSE(jezyk,#REF!,#REF!,#REF!,#REF!) -> #REF! | I68: =SUM(I70:I78) -> 0 | J68: =SUM(J70:J78) -> 0
D70: 1. | E70: =CHOOSE(jezyk,#REF!,#REF!,#REF!,#REF!) -> #REF!
D71: 2. | E71: =CHOOSE(jezyk,#REF!,#REF!,#REF!,#REF!) -> #REF!
D72: 3. | E72: =CHOOSE(jezyk,#REF!,#REF!,#REF!,#REF!) -> #REF!
D73: 4. | E73: =CHOOSE(jezyk,#REF!,#REF!,#REF!,#REF!) -> #REF!
D74: 5. | E74: =CHOOSE(jezyk,#REF!,#REF!,#REF!,#REF!) -> #REF!
D75: 6. | E75: =CHOOSE(jezyk,#REF!,#REF!,#REF!,#REF!) -> #REF!
D76: 7. | E76: =CHOOSE(jezyk,#REF!,#REF!,#REF!,#REF!) -> #REF!
D77: 8. | E77: =CHOOSE(jezyk,#REF!,#REF!,#REF!,#REF!) -> #REF!
D78: 9. | E78: =CHOOSE(jezyk,#REF!,#REF!,#REF!,#REF!) -> #REF!
C80: III. | D80: =CHOOSE(jezyk,#REF!,#REF!,#REF!,#REF!) -> #REF! | I80: =I61-I68 -> 0 | J80: =J61-J68 -> 0
B82: D. | C82: =CHOOSE(jezyk,#REF!,#REF!,#REF!,#REF!) -> #REF! | I82: =I28+I57+I80 -> 0 | J82: =J28+J57+J80 -> 0
L83: =dzb -> #REF!
B84: E. | C84: =CHOOSE(jezyk,#REF!,#REF!,#REF!,#REF!) -> #REF! | I84: =Bilans!G127-Bilans!H127 -> 0 | L84: =I84-(Bilans!G126-Bilans!H126) -> 0
C86: - | D86: =CHOOSE(jezyk,#REF!,#REF!,#REF!,#REF!) -> #REF!
B88: F. | C88: =CHOOSE(jezyk,#REF!,#REF!,#REF!,#REF!) -> #REF! | I88: =J91 -> 0
B91: G. | C91: =CHOOSE(jezyk,#REF!,#REF!,#REF!,#REF!) -> #REF! | I91: =I88+I82 -> 0
C93: - | D93: =CHOOSE(jezyk,#REF!,#REF!,#REF!,#REF!) -> #REF!
B96: =siedziba&", "&#REF! -> #REF!
G97: =CHOOSE(jezyk,#REF!,#REF!,#REF!,#REF!) -> #REF! | I97: =CHOOSE(jezyk,#REF!,#REF!,#REF!,#REF!) -> #REF!

Sheet Informacja dodatkowa
A2: Meritoros SA Al. Pokoju 62/8 31-564 Kraków NIP: 6792963176 KRS: 0000935021 REGON: 120618773
A4: DODATKOWE INFORMACJE I OBJAŚNIENIA
A6: 1. Zestawienie wartości niematerialnych i prawnych
A8: Rok obrotowy 2025
A10: Opis | B10: Wartość brutto
B11: Stan na 01.01.2025 | C11: Zwiększenia, z tytułu nabycia | D11: Przemieszczenia wewnętrzne (+/-) | E11: Zmniejszenia z tytułu rozchodu | F11: Stan na 31.12.2025
A13: Koszty zakończonych prac rozwojowych | B13: =F43 -> 0 | C13: 0 | D13: 0 | E13: 0 | F13: =B13+C13++D13-E13 -> 0
A14: Wartość firmy | B14: =F44 -> 1464194.9 | C14: 1373449.4 | D14: 0 | E14: 0 | F14: =B14+C14++D14-E14 -> 2837644.3
A15: Inne wartości niematerialne i prawne | B15: =F45 -> 563734.1 | C15: 0 | D15: 0 | E15: 0 | F15: =B15+C15++D15-E15 -> 563734.1
A16: Zaliczki na wartości niematerialne i prawne | B16: =F46 -> 0 | C16: =Bilans!D12 -> 125550 | D16: 0 | E16: 0 | F16: =B16+C16++D16-E16 -> 125550
A17: Ogółem | B17: =SUM(B13:B16) -> 2027929 | C17: =SUM(C13:C16) -> 1498999.4 | D17: =SUM(D13:D16) -> 0 | E17: =SUM(E13:E16) -> 0 | F17: =B17+C17++D17-E17 -> 3526928.4
A19: =A10 -> Opis | B19: Umorzenie
B20: =B11 -> Stan na 01.01.2025 | C20: =C11 -> Zwiększenia, z tytułu nabycia | D20: =D11 -> Przemieszczenia wewnętrzne (+/-) | E20: =E11 -> Zmniejszenia z tytułu rozchodu | F20: =F11 -> Stan na 31.12.2025
A22: =A13 -> Koszty zakończonych prac rozwojowych | B22: =F52 -> 0 | C22: 0 | D22: 0 | E22: 0 | F22: =B22+C22++D22-E22 -> 0
A23: =A14 -> Wartość firmy | B23: =F53 -> 244032.48 | C23: 521747.21 | D23: 0 | E23: 0 | F23: =B23+C23++D23-E23 -> 765779.69
A24: =A15 -> Inne wartości niematerialne i prawne | B24: =F54 -> 439550.76 | C24: 64183.34 | D24: 0 | E24: 0 | F24: =B24+C24++D24-E24 -> 503734.1
A25: =A16 -> Zaliczki na wartości niematerialne i prawne | B25: =F55 -> 0 | C25: 0 | D25: 0 | E25: 0 | F25: =B25+C25++D25-E25 -> 0
A26: =A17 -> Ogółem | B26: =SUM(B22:B25) -> 683583.24 | C26: =SUM(C22:C25) -> 585930.55 | D26: =SUM(D22:D25) -> 0 | E26: =SUM(E22:E25) -> 0 | F26: =B26+C26++D26-E26 -> 1269513.8
A28: =A19 -> Opis | B28: Wartość netto
B29: =B11 -> Stan na 01.01.2025 | D29: =F11 -> Stan na 31.12.2025 | G29: check
G30: =F11 -> Stan na 31.12.2025 | H30: =B11 -> Stan na 01.01.2025
A31: =A22 -> Koszty zakończonych prac rozwojowych | B31: =B13-B22 -> 0 | D31: =F13-F22 -> 0 | G31: =D31-Bilans!D9 -> 0 | H31: =B31-Bilans!C9 -> 0
A32: =A23 -> Wartość firmy | B32: =B14-B23 -> 1220162.4 | D32: =F14-F23 -> 2071864.6 | G32: =D32-Bilans!D10 -> 0 | H32: =B32-Bilans!C10 -> 0
A33: =A24 -> Inne wartości niematerialne i prawne | B33: =B15-B24 -> 124183.34 | D33: =F15-F24 -> 60000 | G33: =D33-Bilans!D11 -> 0 | H33: =B33-Bilans!C11 -> 0
A34: =A25 -> Zaliczki na wartości niematerialne i prawne | B34: =B16-B25 -> 0 | D34: =F16-F25 -> 125550 | G34: =D34-Bilans!D12 -> 0 | H34: =B34-Bilans!C12 -> 0
A35: =A26 -> Ogółem | B35: =SUM(B31:B34) -> 1344345.7 | D35: =SUM(D31:D34) -> 2257414.6 | G35: =D35-Bilans!D8 -> 0 | H35: =B35-Bilans!C8 -> 0
A38: Rok obrotowy 2024
A40: =A10 -> Opis | B40: =B10 -> Wartość brutto
B41: Stan na 01.01.2024 | C41: =C11 -> Zwiększenia, z tytułu nabycia | D41: =D11 -> Przemieszczenia wewnętrzne (+/-) | E41: =E11 -> Zmniejszenia z tytułu rozchodu | F41: Stan na 31.12.2024
A43: =A13 -> Koszty zakończonych prac rozwojowych | B43: 0 | C43: 0 | D43: 0 | E43: 0 | F43: =B43+C43+D43-E43 -> 0
A44: =A14 -> Wartość firmy | B44: 0 | C44: 1464194.9 | D44: 0 | E44: 0 | F44: =B44+C44+D44-E44 -> 1464194.9
A45: =A15 -> Inne wartości niematerialne i prawne | B45: 551184.1 | C45: 12550 | D45: 0 | E45: 0 | F45: =B45+C45+D45-E45 -> 563734.1
A46: =A16 -> Zaliczki na wartości niematerialne i prawne | B46: 0 | C46: 0 | D46: 0 | E46: 0 | F46: =B46+C46+D46-E46 -> 0
A47: =A17 -> Ogółem | B47: =SUM(B43:B46) -> 551184.1 | C47: =SUM(C43:C46) -> 1476744.9 | D47: =SUM(D43:D46) -> 0 | E47: =SUM(E43:E46) -> 0 | F47: =B47+C47+D47-E47 -> 2027929
A49: =A19 -> Opis | B49: =B19 -> Umorzenie
B50: =B41 -> Stan na 01.01.2024 | C50: =C20 -> Zwiększenia, z tytułu nabycia | D50: =D20 -> Przemieszczenia wewnętrzne (+/-) | E50: =E20 -> Zmniejszenia z tytułu rozchodu | F50: =F41 -> Stan na 31.12.2024
A52: =A22 -> Koszty zakończonych prac rozwojowych | B52: 0 | C52: 0 | D52: 0 | E52: 0 | F52: =B52+C52+D52-E52 -> 0
A53: =A23 -> Wartość firmy | B53: 0 | C53: 244032.48 | D53: 0 | E53: 0 | F53: =B53+C53+D53-E53 -> 244032.48
A54: =A24 -> Inne wartości niematerialne i prawne | B54: 330736.93 | C54: 108813.83 | D54: 0 | E54: 0 | F54: =B54+C54+D54-E54 -> 439550.76
A55: =A25 -> Zaliczki na wartości niematerialne i prawne | B55: 0 | C55: 0 | D55: 0 | E55: 0 | F55: =B55+C55+D55-E55 -> 0
A56: =A26 -> Ogółem | B56: =SUM(B52:B55) -> 330736.93 | C56: =SUM(C52:C55) -> 352846.31 | D56: =SUM(D52:D55) -> 0 | E56: =SUM(E52:E55) -> 0 | F56: =B56+C56+D56-E56 -> 683583.24
A58: =A49 -> Opis | B58: =B28 -> Wartość netto
B59: =B41 -> Stan na 01.01.2024 | D59: =F41 -> Stan na 31.12.2024 | G59: check
G60: =B11 -> Stan na 01.01.2025 | H60: =D59 -> Stan na 31.12.2024
A61: =A52 -> Koszty zakończonych prac rozwojowych | B61: =B43-B52 -> 0 | D61: =F43-F52 -> 0 | G61: =D61-B31 -> 0 | H61: =Bilans!C9-D61 -> 0
A62: =A53 -> Wartość firmy | B62: =B44-B53 -> 0 | D62: =F44-F53 -> 1220162.4 | G62: =D62-B32 -> 0 | H62: =Bilans!C10-D62 -> 0
A63: =A54 -> Inne wartości niematerialne i prawne | B63: =B45-B54 -> 220447.17 | D63: =F45-F54 -> 124183.34 | G63: =D63-B33 -> 0 | H63: =Bilans!C11-D63 -> 0
A64: =A55 -> Zaliczki na wartości niematerialne i prawne | B64: =B46-B55 -> 0 | D64: =F46-F55 -> 0 | G64: =D64-B34 -> 0 | H64: =Bilans!C12-D64 -> 0
A65: =A56 -> Ogółem | B65: =SUM(B61:B64) -> 220447.17 | D65: =SUM(D61:D64) -> 1344345.7 | G65: =D65-B35 -> 0 | H65: =Bilans!C8-D65 -> 0
A67: 2. Zestawienie rzeczowych aktywów trwałych
A69: =A8 -> Rok obrotowy 2025
A71: Opis | B71: Wartość brutto
B72: =B11 -> Stan na 01.01.2025 | C72: Zwiększenia, z tytułu nabycia | D72: Przemieszczenia wewnętrzne (+/-) | E72: Zmniejszenia z tytułu rozchodu | F72: =F11 -> Stan na 31.12.2025
A74: Grunty (w tym prawo użytkowania wieczystego gruntu) | B74: =F111 -> 0 | C74: 0 | D74: 0 | E74: 0 | F74: =B74+C74+D74-E74 -> 0
A75: Budynki, lokale, prawa do lokali i obiekty inżynierii lądowej i wodnej | B75: =F112 -> 0 | C75: 0 | D75: 0 | E75: 0 | F75: =B75+C75+D75-E75 -> 0
A76: Urządzenia techniczne i maszyny | B76: =F113 -> 401238.06 | C76: =93760+33710.63 -> 127470.63 | D76: 5190.09 | E76: 0 | F76: =B76+C76+D76-E76 -> 533898.78
A77: Środki transportu | B77: =F114 -> 5865.86 | C77: 0 | D77: 0 | E77: 0 | F77: =B77+C77+D77-E77 -> 5865.86
A78: Inne środki trwałe | B78: =F115 -> 152178.86 | C78: 11352.33 | D78: -5190.09 | E78: 1600.44 | F78: =B78+C78+D78-E78 -> 156740.66
A79: Środki trwałe w budowie | B79: =F116 -> 0 | C79: 0 | D79: 0 | E79: 0 | F79: =B79+C79+D79-E79 -> 0
A80: Zaliczki na środki trwałe w budowie | B80: =F117 -> 0 | C80: 0 | D80: 0 | E80: 0 | F80: =B80+C80+D80-E80 -> 0
A81: Ogółem | B81: =SUM(B74:B80) -> 559282.78 | C81: =SUM(C74:C80) -> 138822.96 | D81: =SUM(D74:D80) -> 0 | E81: =SUM(E74:E80) -> 1600.44 | F81: =B81+C81+D81-E81 -> 696505.3
A83: =A71 -> Opis | B83: Umorzenie
B84: =B72 -> Stan na 01.01.2025 | C84: =C72 -> Zwiększenia, z tytułu nabycia | D84: =D72 -> Przemieszczenia wewnętrzne (+/-) | E84: =E72 -> Zmniejszenia z tytułu rozchodu | F84: =F72 -> Stan na 31.12.2025
A86: ='Informacja dodatkowa'!A74 -> Grunty (w tym prawo użytkowania wieczystego gruntu) | B86: =F124 -> 0 | C86: 0 | D86: 0 | E86: 0 | F86: =B86+C86+D86-E86 -> 0
A87: ='Informacja dodatkowa'!A75 -> Budynki, lokale, prawa do lokali i obiekty inżynierii lądowej i wodnej | B87: =F125 -> 0 | C87: 0 | D87: 0 | E87: 0 | F87: =B87+C87+D87-E87 -> 0
A88: ='Informacja dodatkowa'!A76 -> Urządzenia techniczne i maszyny | B88: =F126 -> 265826.04 | C88: 99241.01 | D88: 0 | E88: 0 | F88: =B88+C88+D88-E88 -> 365067.05
A89: ='Informacja dodatkowa'!A77 -> Środki transportu | B89: =F127 -> 3470.19 | C89: 1105.69 | D89: 0 | E89: 0 | F89: =B89+C89+D89-E89 -> 4575.88
A90: ='Informacja dodatkowa'!A78 -> Inne środki trwałe | B90: =F128 -> 135702.66 | C90: 8130.87 | D90: 0 | E90: 1600.44 | F90: =B90+C90+D90-E90 -> 142233.09
A91: ='Informacja dodatkowa'!A81 -> Ogółem | B91: =SUM(B86:B90) -> 404998.89 | C91: =SUM(C86:C90) -> 108477.57 | D91: =SUM(D86:D90) -> 0 | E91: =SUM(E86:E90) -> 1600.44 | F91: =B91+C91+D91-E91 -> 511876.02
A94: =A83 -> Opis | D94: Wartość netto
D95: =B84 -> Stan na 01.01.2025 | E95: =F84 -> Stan na 31.12.2025
G96: =G30 -> Stan na 31.12.2025 | H96: =H30 -> Stan na 01.01.2025
A97: =A86 -> Grunty (w tym prawo użytkowania wieczystego gruntu) | D97: ='Informacja dodatkowa'!B74-'Informacja dodatkowa'!B86 -> 0 | E97: ='Informacja dodatkowa'!F74-'Informacja dodatkowa'!F86 -> 0 | G97: =E97-Bilans!D15 -> 0 | H97: =D97-Bilans!C15 -> 0
A98: =A87 -> Budynki, lokale, prawa do lokali i obiekty inżynierii lądowej i wodnej | D98: ='Informacja dodatkowa'!B75-'Informacja dodatkowa'!B87 -> 0 | E98: ='Informacja dodatkowa'!F75-'Informacja dodatkowa'!F87 -> 0 | G98: =E98-Bilans!D16 -> 0 | H98: =D98-Bilans!C16 -> 0
A99: =A88 -> Urządzenia techniczne i maszyny | D99: ='Informacja dodatkowa'!B76-'Informacja dodatkowa'!B88 -> 135412.02 | E99: ='Informacja dodatkowa'!F76-'Informacja dodatkowa'!F88 -> 168831.73 | G99: =E99-Bilans!D17 -> 0 | H99: =D99-Bilans!C17 -> 0
A100: =A89 -> Środki transportu | D100: ='Informacja dodatkowa'!B77-'Informacja dodatkowa'!B89 -> 2395.67 | E100: ='Informacja dodatkowa'!F77-'Informacja dodatkowa'!F89 -> 1289.98 | G100: =E100-Bilans!D18 -> 0 | H100: =D100-Bilans!C18 -> 0
A101: =A90 -> Inne środki trwałe | D101: ='Informacja dodatkowa'!B78-'Informacja dodatkowa'!B90 -> 16476.2 | E101: ='Informacja dodatkowa'!F78-'Informacja dodatkowa'!F90 -> 14507.57 | G101: =E101-Bilans!D19 -> 0 | H101: =D101-Bilans!C19 -> 0
A102: =A79 -> Środki trwałe w budowie | D102: =B79 -> 0 | E102: =F79 -> 0 | G102: =E102-Bilans!D20 -> 0 | H102: =D102-Bilans!C20 -> 0
A103: =A80 -> Zaliczki na środki trwałe w budowie | D103: =B80 -> 0 | E103: =F80 -> 0 | G103: =E103-Bilans!D21 -> 0 | H103: =D103-Bilans!C21 -> 0
A104: =A81 -> Ogółem | D104: =SUM(D97:D103) -> 154283.89 | E104: =SUM(E97:E103) -> 184629.28 | G104: =E104-Bilans!D14 -> 0 | H104: =D104-Bilans!C14 -> 0
A106: =A38 -> Rok obrotowy 2024
A108: =A71 -> Opis | B108: =B71 -> Wartość brutto
B109: =B41 -> Stan na 01.01.2024 | C109: =C72 -> Zwiększenia, z tytułu nabycia | D109: =D72 -> Przemieszczenia wewnętrzne (+/-) | E109: =E72 -> Zmniejszenia z tytułu rozchodu | F109: =F41 -> Stan na 31.12.2024
A111: =A74 -> Grunty (w tym prawo użytkowania wieczystego gruntu) | B111: 0 | C111: 0 | D111: 0 | E111: 0 | F111: =B111+C111+D111-E111 -> 0
A112: =A75 -> Budynki, lokale, prawa do lokali i obiekty inżynierii lądowej i wodnej | B112: 0 | C112: 0 | D112: 0 | E112: 0 | F112: =B112+C112+D112-E112 -> 0
A113: =A76 -> Urządzenia techniczne i maszyny | B113: 271120.18 | C113: 130971.54 | D113: 0 | E113: 853.66 | F113: =B113+C113+D113-E113 -> 401238.06
A114: =A77 -> Środki transportu | B114: 5865.86 | C114: 0 | D114: 0 | E114: 0 | F114: =B114+C114+D114-E114 -> 5865.86
A115: =A78 -> Inne środki trwałe | B115: 157590.47 | C115: 0 | D115: 0 | E115: 5411.61 | F115: =B115+C115+D115-E115 -> 152178.86
A116: =A79 -> Środki trwałe w budowie | B116: 0 | C116: 0 | D116: 0 | E116: 0 | F116: =B116+C116+D116-E116 -> 0
A117: =A80 -> Zaliczki na środki trwałe w budowie | B117: 0 | C117: 0 | D117: 0 | E117: 0 | F117: =B117+C117+D117-E117 -> 0
A118: =A81 -> Ogółem | B118: =SUM(B111:B117) -> 434576.51 | C118: =SUM(C111:C117) -> 130971.54 | D118: =SUM(D111:D117) -> 0 | E118: =SUM(E111:E117) -> 6265.27 | F118: =B118+C118+D118-E118 -> 559282.78
A121: =A83 -> Opis | B121: =B83 -> Umorzenie
B122: =B109 -> Stan na 01.01.2024 | C122: =C84 -> Zwiększenia, z tytułu nabycia | D122: =D84 -> Przemieszczenia wewnętrzne (+/-) | E122: =E84 -> Zmniejszenia z tytułu rozchodu | F122: =F109 -> Stan na 31.12.2024
A124: =A86 -> Grunty (w tym prawo użytkowania wieczystego gruntu) | B124: 0 | C124: 0 | D124: 0 | E124: 0 | F124: =B124+C124+D124-E124 -> 0
A125: =A87 -> Budynki, lokale, prawa do lokali i obiekty inżynierii lądowej i wodnej | B125: 0 | C125: 0 | D125: 0 | E125: 0 | F125: =B125+C125+D125-E125 -> 0
A126: =A88 -> Urządzenia techniczne i maszyny | B126: 201348.61 | C126: 65331.09 | D126: 0 | E126: 853.66 | F126: =B126+C126+D126-E126 -> 265826.04
A127: =A89 -> Środki transportu | B127: 2364.5 | C127: 1105.69 | D127: 0 | E127: 0 | F127: =B127+C127+D127-E127 -> 3470.19
A128: =A90 -> Inne środki trwałe | B128: 133261.78 | C128: 7852.49 | D128: 0 | E128: 5411.61 | F128: =B128+C128+D128-E128 -> 135702.66
A129: =A91 -> Ogółem | B129: =SUM(B124:B128) -> 336974.89 | C129: =SUM(C124:C128) -> 74289.27 | D129: =SUM(D124:D128) -> 0 | E129: =SUM(E124:E128) -> 6265.27 | F129: =B129+C129+D129-E129 -> 404998.89
A131: =A121 -> Opis | D131: =D94 -> Wartość netto
...

Sheet Wskaźniki
A1: Wskaźnik/Rok | B1: Sposób wyliczenia | C1: 2025 | D1: 2024 | E1: 2023 | F1: 2022 | G1: 2021 | H1: 2020
A2: Rentowność aktywów ROA | B2: zysk netto/aktywa ogółem | C2: ='RZiS Por. '!C61/Bilans!D94 -> 0.0850133 | D2: 0.0764 | E2: 0.1262 | F2: 0.1945 | G2: 0.115 | H2: 0.1459
A3: Rentowność sprzedaży netto ROS | B3: zysk netto/przychody ze sprzedaży netto | C3: ='RZiS Por. '!C61/'RZiS Por. '!C9 -> 0.025370403 | D3: 0.0204 | E3: 0.0306 | F3: 0.0494 | G3: 0.0306 | H3: 0.0787
A4: Płynność gotówkowa (I stopnia) | B4: inwestycje krótkoterminowe/zobowiązania krótkoterminowe | C4: =Bilans!D74/Bilans!D126 -> 0.18490582 | D4: 0.07 | E4: 0.15 | F4: 0.52 | G4: 0.6 | H4: 0.84
A5: Trwałość struktury finansowania | B5: kapitał stały/pasywa ogółem | C5: =Bilans!D96/Bilans!D155 -> 0.30020617 | D5: 0.29 | E5: 0.34 | F5: 0.39 | G5: 0.37 | H5: 0.4
A6: Rentowność kapitału ROE | B6: zysk netto/kapitał własny | C6: ='RZiS Por. '!C61/Bilans!D96 -> 0.28318306 | D6: 0.2497 | E6: 0.371 | F6: 0.5025
A7: Rentowność kapitału pracującego ROIC | B7: zysk ze sprzedaży/kapitał własny + dług netto | C7: =('RZiS Por. '!C36*0.81)/(Bilans!D96-Bilans!D87) -> 0.37089949 | D7: 0.2122 | E7: 0.3427

Sheet SPRAWOZDANIE
B1: SPIS TREŚCI
H21: =CHOOSE(jezyk,#REF!,#REF!,#REF!,#REF!) -> #REF!
H22: =#REF! -> #REF!
H23: =CHOOSE(jezyk,#REF!,#REF!,#REF!,#REF!) -> #REF!
B47: =CHOOSE(jezyk,#REF!,#REF!,#REF!,#REF!) -> #REF!
T48: =CHOOSE(jezyk,#REF!,#REF!,#REF!,#REF!) -> #REF!
B51: =CHOOSE(jezyk,#REF!,#REF!,#REF!,#REF!) -> #REF!
C54: 1. | D54: =CHOOSE(jezyk,#REF!,#REF!,#REF!,#REF!) -> #REF! | U54: =W73 -> 3
C56: 2. | D56: =CHOOSE(jezyk,#REF!,#REF!,#REF!,#REF!) -> #REF! | U56: =W150 -> 5
C58: 3. | D58: =CHOOSE(jezyk,#REF!,#REF!,#REF!,#REF!) -> #REF! | U58: =W161 -> 5
C60: 4. | D60: =CHOOSE(jezyk,#REF!,#REF!,#REF!,#REF!) -> #REF! | U60: =W180 -> 5
C62: 5. | D62: =CHOOSE(jezyk,#REF!,#REF!,#REF!,#REF!) -> #REF! | U62: =W188 -> 5
C64: 6. | D64: =CHOOSE(jezyk,#REF!,#REF!,#REF!,#REF!) -> #REF! | U64: =W198 -> 6
C66: 7. | D66: =CHOOSE(jezyk,#REF!,#REF!,#REF!,#REF!) -> #REF! | U66: =W209 -> 6
C68: 8. | D68: =CHOOSE(jezyk,#REF!,#REF!,#REF!,#REF!) -> #REF! | U68: =W219 -> 6
C70: 9. | D70: =CHOOSE(jezyk,#REF!,#REF!,#REF!,#REF!) -> #REF! | U70: =W227 -> 7
B73: 1. | C73: =CHOOSE(jezyk,#REF!,#REF!,#REF!,#REF!) -> #REF! | W73: 3 | X73: numer strony
C76: =CHOOSE(jezyk,#REF!,#REF!,#REF!,#REF!) -> #REF!
C78: =nazwa_spolki -> #REF!
C80: =CHOOSE(jezyk,#REF!,#REF!,#REF!,#REF!) -> #REF!
C82: =CHOOSE(jezyk,#REF!,#REF!,#REF!,#REF!) -> #REF!
C84: =CHOOSE(jezyk,#REF!,#REF!,#REF!,#REF!) -> #REF!
B86: =CHOOSE(jezyk,#REF!,#REF!,#REF!,#REF!) -> #REF!
C88: =CHOOSE(jezyk,#REF!,#REF!,#REF!,#REF!) -> #REF!
C90: Szczegółowe informacje dotyczące udziałowców.
B92: =CHOOSE(jezyk,#REF!,#REF!,#REF!,#REF!) -> #REF!
C94: =CHOOSE(jezyk,#REF!,#REF!,#REF!,#REF!) -> #REF!
E96: =CHOOSE(jezyk,#REF!,#REF!,#REF!,#REF!) -> #REF!
E98: =CHOOSE(jezyk,#REF!,#REF!,#REF!,#REF!) -> #REF!
B100: =CHOOSE(jezyk,#REF!,#REF!,#REF!,#REF!) -> #REF!
C102: =CHOOSE(jezyk,#REF!,#REF!,#REF!,#REF!) -> #REF!
E104: =CHOOSE(jezyk,#REF!,#REF!,#REF!,#REF!) -> #REF!
E106: =CHOOSE(jezyk,#REF!,#REF!,#REF!,#REF!) -> #REF!
E108: =CHOOSE(jezyk,#REF!,#REF!,#REF!,#REF!) -> #REF!
B111: =CHOOSE(jezyk,#REF!,#REF!,#REF!,#REF!) -> #REF!
C113: =CHOOSE(jezyk,#REF!,#REF!,#REF!,#REF!) -> #REF!
C115: -
C117: -
C119: -
C121: -
C123: -
C125: -
C127: -
B129: =CHOOSE(jezyk,#REF!,#REF!,#REF!,#REF!) -> #REF!
C131: - | D131: =CHOOSE(jezyk,#REF!,#REF!,#REF!,#REF!) -> #REF!
D132: =CHOOSE(jezyk,#REF!,#REF!,#REF!,#REF!) -> #REF!
C134: - | D134: =CHOOSE(jezyk,#REF!,#REF!,#REF!,#REF!) -> #REF!
D135: =CHOOSE(jezyk,#REF!,#REF!,#REF!,#REF!) -> #REF!
C137: - | D137: =CHOOSE(jezyk,#REF!,#REF!,#REF!,#REF!) -> #REF!
D138: =CHOOSE(jezyk,#REF!,#REF!,#REF!,#REF!) -> #REF!
C140: - | D140: =CHOOSE(jezyk,#REF!,#REF!,#REF!,#REF!) -> #REF!
D141: =CHOOSE(jezyk,#REF!,#REF!,#REF!,#REF!) -> #REF!
B150: 2. | C150: =CHOOSE(jezyk,#REF!,#REF!,#REF!,#REF!) -> #REF! | W150: 5 | X150: numer strony
B153: =CHOOSE(jezyk,#REF!,#REF!,#REF!,#REF!) -> #REF!
B155: =CHOOSE(jezyk,#REF!,#REF!,#REF!,#REF!) -> #REF!
B157: =CHOOSE(jezyk,#REF!,#REF!,#REF!,#REF!) -> #REF!
B161: 3. | C161: =CHOOSE(jezyk,#REF!,#REF!,#REF!,#REF!) -> #REF! | W161: 5 | X161: numer strony
B164: =CHOOSE(jezyk,#REF!,#REF!,#REF!,#REF!) -> #REF!
B180: 4. | C180: =CHOOSE(jezyk,#REF!,#REF!,#REF!,#REF!) -> #REF! | W180: 5 | X180: numer strony
B184: Opisać aktualną oraz przewidywaną sytuację finansową; najważniejsze wskaźniki i dane finansowe.
B188: 5. | C188: =CHOOSE(jezyk,#REF!,#REF!,#REF!,#REF!) -> #REF! | W188: 5 | X188: numer strony
B198: 6. | C198: =CHOOSE(jezyk,#REF!,#REF!,#REF!,#REF!) -> #REF! | W198: 6 | X198: numer strony
B201: Opis ryzyk na jakie narażona jest jednostka (zmiany cen, kredytowego, istotnych zakłóceń przepływów środków pieniężnych oraz utraty płynności finansowej). | W201: Proszę ukryć wiersz!
B202: Opis przyjętych przez jednostkę celów i metod zarządzania ryzykiem finansowym, łącznie z metodami zabezpieczenia istotnych rodzajów planowanych transakcji, dla których stosowana jest rachunkowość zabezpieczeń. | W202: Proszę ukryć wiersz!
C205: =CHOOSE(jezyk,#REF!,#REF!,#REF!,#REF!) -> #REF!
B209: 7. | C209: =CHOOSE(jezyk,#REF!,#REF!,#REF!,#REF!) -> #REF! | W209: 6 | X209: numer strony
B212: Jeśli nie dotyczy, proszę to napisać.
B219: 8. | C219: =CHOOSE(jezyk,#REF!,#REF!,#REF!,#REF!) -> #REF! | W219: 6 | X219: numer strony
B222: Informacje o celu nabycia udziałów (akcji) własnych, liczbie i wartości nominalnej, ze wskazaniem, jaką część kapitału zakładowego reprezentują oraz cenie nabycia i cenie sprzedaży w przypadku ich zbycia. | W222: Proszę ukryć wiersz!
B227: 9. | C227: =CHOOSE(jezyk,#REF!,#REF!,#REF!,#REF!) -> #REF! | W227: 7 | X227: numer strony
B230: =CHOOSE(jezyk,#REF!,#REF!,#REF!,#REF!) -> #REF!
B232: =CHOOSE(jezyk,#REF!,#REF!,#REF!,#REF!) -> #REF!
B236: =#REF! &", " &#REF! -> #REF!
B238: =nazwa_spolki -> #REF!
B242: ……………………….
B243: =CHOOSE(jezyk,#REF!,#REF!,#REF!,#REF!) -> #REF!
B244: =CHOOSE(jezyk,#REF!,#REF!,#REF!,#REF!) -> #REF!

Sheet SPRAWOZDANIE S.A.
B1: SPIS TREŚCI
H21: =CHOOSE(jezyk,#REF!,#REF!,#REF!,#REF!) -> #REF!
H22: =#REF! -> #REF!
H23: =CHOOSE(jezyk,#REF!,#REF!,#REF!,#REF!) -> #REF!
B47: =CHOOSE(jezyk,#REF!,#REF!,#REF!,#REF!) -> #REF!
T48: =CHOOSE(jezyk,#REF!,#REF!,#REF!,#REF!) -> #REF!
B51: =CHOOSE(jezyk,#REF!,#REF!,#REF!,#REF!) -> #REF!
C54: 1. | D54: =CHOOSE(jezyk,#REF!,#REF!,#REF!,#REF!) -> #REF! | U54: =W75 -> 3
C56: 2. | D56: =CHOOSE(jezyk,#REF!,#REF!,#REF!,#REF!) -> #REF! | U56: =W152 -> 5
C58: 3. | D58: =CHOOSE(jezyk,#REF!,#REF!,#REF!,#REF!) -> #REF! | U58: =W163 -> 5
C60: 4. | D60: =CHOOSE(jezyk,#REF!,#REF!,#REF!,#REF!) -> #REF! | U60: =W182 -> 5
C62: 5. | D62: =CHOOSE(jezyk,#REF!,#REF!,#REF!,#REF!) -> #REF! | U62: =W189 -> 5
C64: 6. | D64: =CHOOSE(jezyk,#REF!,#REF!,#REF!,#REF!) -> #REF! | U64: =W199 -> 6
C66: 7. | D66: =CHOOSE(jezyk,#REF!,#REF!,#REF!,#REF!) -> #REF! | U66: =W210 -> 6
C68: 8. | D68: =CHOOSE(jezyk,#REF!,#REF!,#REF!,#REF!) -> #REF! | U68: =W220 -> 6
C70: 9. | D70: =CHOOSE(jezyk,#REF!,#REF!,#REF!,#REF!) -> #REF! | U70: =W229 -> 7
C72: 10. | D72: =CHOOSE(jezyk,#REF!,#REF!,#REF!,#REF!) -> #REF! | U72: =W235 -> 7
B75: 1. | C75: =CHOOSE(jezyk,#REF!,#REF!,#REF!,#REF!) -> #REF! | W75: 3 | X75: numer strony
C78: =CHOOSE(jezyk,#REF!,#REF!,#REF!,#REF!) -> #REF!
C80: =nazwa_spolki -> #REF!
C82: =CHOOSE(jezyk,#REF!,#REF!,#REF!,#REF!) -> #REF!
C84: =CHOOSE(jezyk,#REF!,#REF!,#REF!,#REF!) -> #REF!
C86: =CHOOSE(jezyk,#REF!,#REF!,#REF!,#REF!) -> #REF!
B88: =CHOOSE(jezyk,#REF!,#REF!,#REF!,#REF!) -> #REF!
C90: =CHOOSE(jezyk,#REF!,#REF!,#REF!,#REF!) -> #REF!
C92: Szczegółowe informacje dotyczące udziałowców.
B94: =CHOOSE(jezyk,#REF!,#REF!,#REF!,#REF!) -> #REF!
C96: =CHOOSE(jezyk,#REF!,#REF!,#REF!,#REF!) -> #REF!
E98: =CHOOSE(jezyk,#REF!,#REF!,#REF!,#REF!) -> #REF!
E100: =CHOOSE(jezyk,#REF!,#REF!,#REF!,#REF!) -> #REF!
B102: =CHOOSE(jezyk,#REF!,#REF!,#REF!,#REF!) -> #REF!
C104: =CHOOSE(jezyk,#REF!,#REF!,#REF!,#REF!) -> #REF!
E106: =CHOOSE(jezyk,#REF!,#REF!,#REF!,#REF!) -> #REF!
E108: =CHOOSE(jezyk,#REF!,#REF!,#REF!,#REF!) -> #REF!
E110: =CHOOSE(jezyk,#REF!,#REF!,#REF!,#REF!) -> #REF!
B113: =CHOOSE(jezyk,#REF!,#REF!,#REF!,#REF!) -> #REF!
C115: =CHOOSE(jezyk,#REF!,#REF!,#REF!,#REF!) -> #REF!
C117: -
C119: -
C121: -
C123: -
C125: -
C127: -
C129: -
B131: =CHOOSE(jezyk,#REF!,#REF!,#REF!,#REF!) -> #REF!
C133: - | D133: =CHOOSE(jezyk,#REF!,#REF!,#REF!,#REF!) -> #REF!
D134: =CHOOSE(jezyk,#REF!,#REF!,#REF!,#REF!) -> #REF!
C136: - | D136: =CHOOSE(jezyk,#REF!,#REF!,#REF!,#REF!) -> #REF!
D137: =CHOOSE(jezyk,#REF!,#REF!,#REF!,#REF!) -> #REF!
C139: - | D139: =CHOOSE(jezyk,#REF!,#REF!,#REF!,#REF!) -> #REF!
D140: =CHOOSE(jezyk,#REF!,#REF!,#REF!,#REF!) -> #REF!
C142: - | D142: =CHOOSE(jezyk,#REF!,#REF!,#REF!,#REF!) -> #REF!
D143: =CHOOSE(jezyk,#REF!,#REF!,#REF!,#REF!) -> #REF!
B152: 2. | C152: =CHOOSE(jezyk,#REF!,#REF!,#REF!,#REF!) -> #REF! | W152: 5 | X152: numer strony
B155: =CHOOSE(jezyk,#REF!,#REF!,#REF!,#REF!) -> #REF!
B157: =CHOOSE(jezyk,#REF!,#REF!,#REF!,#REF!) -> #REF!
B159: Inne informacje dotyczące sprzedaży.
B163: 3. | C163: =CHOOSE(jezyk,#REF!,#REF!,#REF!,#REF!) -> #REF! | W163: 5 | X163: numer strony
B166: =CHOOSE(jezyk,#REF!,#REF!,#REF!,#REF!) -> #REF!
B182: 4. | C182: =CHOOSE(jezyk,#REF!,#REF!,#REF!,#REF!) -> #REF! | W182: 5 | X182: numer strony
B185: Opisać aktualną oraz przewidywaną sytuację finansową
B189: 5. | C189: =CHOOSE(jezyk,#REF!,#REF!,#REF!,#REF!) -> #REF! | W189: 5 | X189: numer strony
B199: 6. | C199: =CHOOSE(jezyk,#REF!,#REF!,#REF!,#REF!) -> #REF! | W199: 6 | X199: numer strony
B202: Opis ryzyk na jakie narażona jest jednostka (zmiany cen, kredytowego, istotnych zakłóceń przepływów środków pieniężnych oraz utraty płynności finansowej). | W202: Proszę ukryć wiersz!
B203: Opis przyjętych przez jednostkę celów i metod zarządzania ryzykiem finansowym, łącznie z metodami zabezpieczenia istotnych rodzajów planowanych transakcji, dla których stosowana jest rachunkowość zabezpieczeń. | W203: Proszę ukryć wiersz!
C206: =CHOOSE(jezyk,#REF!,#REF!,#REF!,#REF!) -> #REF!
B210: 7. | C210: =CHOOSE(jezyk,#REF!,#REF!,#REF!,#REF!) -> #REF! | W210: 6 | X210: numer strony
B213: Jeśli nie dotyczy, proszę to napisać.
B220: 8. | C220: =CHOOSE(jezyk,#REF!,#REF!,#REF!,#REF!) -> #REF! | W220: 6 | X220: numer strony
B223: Informacje o celu nabycia udziałów (akcji) własnych, liczbie i wartości nominalnej, ze wskazaniem, jaką część kapitału zakładowego reprezentują oraz cenie nabycia i cenie sprzedaży w przypadku ich zbycia. | W223: Proszę ukryć wiersz!
B229: 9. | C229: =CHOOSE(jezyk,#REF!,#REF!,#REF!,#REF!) -> #REF! | W229: 7 | X229: numer strony
B232: Należy ująć informację o stosowaniu ładu korporacyjnego w przypadku jednostek, których papiery wartościowe zostały dopuszczone do obrotu na jednym z rynków regulowanych Europejskiego Obszaru Gospodarczego.
B235: 10. | C235: =CHOOSE(jezyk,#REF!,#REF!,#REF!,#REF!) -> #REF! | W235: 7 | X235: numer strony
B238: =CHOOSE(jezyk,#REF!,#REF!,#REF!,#REF!) -> #REF!
B240: =CHOOSE(jezyk,#REF!,#REF!,#REF!,#REF!) -> #REF!
B244: =#REF! &", " &#REF! -> #REF!
B246: =nazwa_spolki -> #REF!
B250: ……………………….
B251: =CHOOSE(jezyk,#REF!,#REF!,#REF!,#REF!) -> #REF!
B252: =CHOOSE(jezyk,#REF!,#REF!,#REF!,#REF!) -> #REF!
